 Dungeon Crawl Stone Soup version 0.32-a0-136-gc02482b (webtiles) character file.

Game seed: 1385254333062049556

10963840 jagoly the Shapeless Draconian (level 27, 290/290 HPs)
             Began as a Purple Draconian Chaos Knight on Feb 10, 2024.
             Was a Favourite Plaything of Xom.
             Escaped with the Orb
             ... and 10 runes
             ... and 2 gems (0 intact)!
             The game lasted 08:49:26 (65559 turns).

jagoly the Shapeless Draconian (DrCK)              Turns: 65559, Time: 08:49:26

Health: 290/290    AC: 17    Str: 24      XL:     27
Magic:  51/51      EV: 21    Int: 19 (20) God:    Xom [..*...]
Gold:   8785       SH: 29    Dex: 10 (11) Spells: 4/56 levels left

rFire   + + +        a - +8 Vampire's Tooth {megavamp}
rCold   + + +        m - +8 tower shield {reflect}
rNeg    + + +        (body armour unavailable)
rPois   ∞            (helmet restricted)
rElec   +            i - +1 cloak of Voracious Amelioration {rPois rF+++ Will++ Str-4}
rCorr   +            G - +1 pair of gloves "Karcho" {Regen+}
SInv    .            (no boots)
Will    +++++        Q - amulet of Tulips {^Fragile rC++ rN++ Regen+}
Stlth   ++           U - ring "Geaquz" {rElec EV+5}
HPRegen 2.28/turn    M - ring of Maps {rN+ rCorr MP+9 Slay+5}
MPRegen 0.32/turn

%: reflection
@: death-form, studying 10 skills
A: vile attack, torment immunity, no potions, (breathe power), AC +13, unfitting
armour, cold-blooded, horns 2, stinger 1, talons 1, clever 1, clumsy 1, cold
resistance 1, robust 1, strong 2, wild magic 1, noise suppression
0: Orb of Zot
}: 10/15 runes: serpentine, barnacled, slimy, silver, abyssal, demonic, glowing,
magical, fiery, dark
a: Siphon Essence, Begin Untransformation, Renounce Religion, Evoke Blink


You escaped.
You worshipped Xom.
You were a toy of Xom.
You were an undying horror.
You visited 11 branches of the dungeon, and saw 55 of its levels.
You visited Pandemonium 1 time, and saw 23 of its levels.
You visited the Abyss 2 times.
You visited 1 ziggurat, and saw 14 of its levels.
You also visited: Trove, Bailey and Desolation.

You collected 12798 gold pieces.
You spent 4013 gold pieces at shops.

Inventory:

Hand Weapons
 a - the +8 Vampire's Tooth (weapon) {megavamp}
   (You found it on level 2 of the Dungeon)
 b - a +9 quick blade of electrocution
Missiles
 f - 9 curare-tipped darts
 n - 12 silver javelins
 w - 16 boomerangs (quivered)
 N - 2 throwing nets
 S - 11 javelins
Armour
 i - the +1 cloak of Voracious Amelioration (worn) {rPois rF+++ Will++ Str-4}
   (You found it on level 5 of the Pits of Slime)

   Str-4:     It affects your strength (-4).
   rF+++:     It renders you almost immune to fire.
   rPois:     It protects you from poison Will++: It greatly increases your
   willpower.
 m - a +8 tower shield of reflection (worn)
 G - the +1 pair of gloves "Karcho" (worn) {Regen+}
   (You bought it in a shop on level 5 of the Dungeon)

   Regen+:    It increases your rate of health regeneration.
Jewellery
 E - the ring of Xonoq {Wiz Slay+5 Stlth+}
   (You found it on level 2 of the Snake Pit)

   [ring of wizardry]

   Wiz:       It improves your spell success rate.
   Slay+5:    It affects your accuracy & damage with ranged weapons and melee
   (+5).
   Stlth+:    It makes you more stealthy.
 M - the ring of Maps (right hand) {rN+ rCorr MP+9 Slay+5}
   (You found it on level 2 of the Shoals)

   [ring of positive energy]

   Slay+5:    It affects your accuracy & damage with ranged weapons and melee
   (+5).
   rN+:       It protects you from negative energy.
   MP+9:      It affects your magic capacity (+9).
   rCorr:     It protects you from acid and corrosion.
 Q - the amulet of Tulips (around neck) {^Fragile rC++ rN++ Regen+}
   (You found it in a treasure trove)

   [amulet of regeneration]

   rC++:      It greatly protects you from cold.
   rN++:      It greatly protects you from negative energy.
   Regen+:    It increases your rate of health regeneration.
   ^Fragile:  It will be destroyed if unequipped.
 U - the ring "Geaquz" (left hand) {rElec EV+5}
   (You took it off an orc wizard on level 10 of the Dungeon)

   [ring of evasion]

   EV+5:      It affects your evasion (+5).
   rElec:     It insulates you from electricity.
Talismans
 o - the death talisman of Courage (active) {+Blink Int+3}
   (You found it on level 2 of the Vaults)

   [talisman of death]

   Int+3:     It affects your intelligence (+3).
   +Blink:    It lets you blink.
 T - a maw talisman
Wands
 x - a wand of light (63)
 y - a wand of mindburst (55)
 K - a wand of digging (21)
 L - a wand of roots (102)
 W - a wand of paralysis (121)
Scrolls
 d - 8 scrolls of immolation
 g - 10 scrolls of poison
 j - 18 scrolls of teleportation
 q - 10 scrolls of fog
 B - 11 scrolls of fear
 C - 8 scrolls of vulnerability
 H - 2 scrolls of summoning
 I - 14 scrolls of revelation
Potions
 c - 25 potions of curing
 e - 10 potions of brilliance
 p - 6 potions of enlightenment
 r - 5 potions of magic
 t - 6 potions of might
 v - 6 potions of ambrosia
 A - 6 potions of resistance
 D - 5 potions of berserk rage
 F - 14 potions of heal wounds
 O - 4 potions of invisibility
 P - 20 potions of mutation
 R - 12 potions of cancellation
 Y - 7 potions of haste
Miscellaneous
 k - a phantom mirror
 l - a condenser vane
 s - a phial of floods
 u - a lightning rod (4/4)
 V - a box of beasts


   Skills:
 + Level 24.5 Fighting
 - Level 14.0 Short Blades
 - Level 12.0 Throwing
 - Level 15.0 Dodging
 - Level 15.0 Stealth
 - Level 22.0 Shields
 - Level 5.0 Unarmed Combat
 - Level 15.0 Spellcasting
 - Level 20.0 Hexes
 - Level 6.0 Translocations
 - Level 6.0 Fire Magic
 - Level 12.0 Ice Magic
 - Level 4.0 Air Magic
 - Level 12.0 Alchemy
 - Level 10.0 Evocations
 O Level 27 Shapeshifting


You had 4 spell levels left.
You knew the following spells:

 Your Spells              Type           Power      Damage    Failure   Level
e - Enfeeble              Hex            43%        N/A       2%          7
f - Inner Flame           Hex/Fire       70%        N/A       1%          3
h - Hailstorm             Conj/Ice       48%        3d10      3%          3
q - Apportation           Tloc           96%        N/A       1%          1
t - Frozen Ramparts       Ice            100%       1d16      1%          3
u - Yara's Violent Unrav  Hex/Alch       39%        3d16      1%          5
v - Vhi's Electric Charg  Tloc/Air       86%        N/A       12%         4
A - Ozocubu's Armour      Ice            67%        N/A       1%          3
B - Blink                 Tloc           96%        N/A       1%          2
D - Discord               Hex            43%        N/A       16%         8
G - Metabolic Englaciati  Hex/Ice        39%        N/A       1%          5
P - Ignite Poison         Fire/Alch      58%        N/A       3%          4
R - Olgreb's Toxic Radia  Alch           67%        N/A       1%          4

Your spell library contained the following spells:

 Spells                   Type           Power      Damage    Failure   Level
 Freeze                   Ice            100%       1d10      1%          1
 Slow                     Hex            100%       N/A       1%          1
 Sting                    Conj/Alch      100%       1d9       1%          1
 Ensorcelled Hibernation  Hex/Ice        100%       N/A       1%          2
 Jinxbite                 Hex            100%       N/A       1%          2
 Lesser Beckoning         Tloc           96%        N/A       1%          2
 Mercury Vapours          Alch/Air       100%       N/A       1%          2
 Confusing Touch          Hex            87%        N/A       1%          3
 Dazzling Flash           Conj/Hex       100%       N/A       1%          3
 Sigil of Binding         Hex            87%        N/A       1%          3
 Tukima's Dance           Hex            87%        N/A       1%          3
 Cause Fear               Hex            43%        N/A       1%          4
 Dimensional Bullseye     Hex/Tloc       35%        N/A       1%          4
 Cigotuvi's Dreadful Rot  Necr/Alch/Air  88%        N/A       2%          2
 Anguish                  Hex/Necr       30%        N/A       2%          4
 Foxfire                  Conj/Fire      100%       2x1d9     3%          1
 Gell's Gravitas          Tloc           48%        N/A       3%          3
 Summon Ice Beast         Ice/Summ       48%        N/A       3%          3
 Teleport Other           Tloc           48%        N/A       3%          3
 Volatile Blastmotes      Fire/Tloc      96%        2d18      3%          3
 Sticky Flame             Fire/Alch      58%        2d10      3%          4
 Shock                    Conj/Air       100%       1d9       4%          1
 Momentum Strike          Conj/Tloc      66%        3d9       4%          2
 Mephitic Cloud           Conj/Alch/Air  44%        N/A       4%          3
 Swiftness                Air            38%        N/A       6%          3
 Static Discharge         Conj/Air       56%        3-6/arc   7%          2
 Fulminant Prism          Conj/Alch      24%        3d12      9%          4
 Leda's Liquefaction      Alch/Erth      24%        N/A       9%          4
 Manifold Assault         Tloc           48%        N/A       9%          4
 Passage of Golubria      Tloc           48%        N/A       9%          4
 Petrify                  Alch/Erth      48%        N/A       9%          4
 Kiss of Death            Conj/Necr      72%        2d10      10%         1
 Magic Dart               Conj           72%        1d6       10%         1
 Sandblast                Erth           36%        2d10      10%         1
 Summon Small Mammal      Summ           72%        N/A       10%         1
 Call Imp                 Summ           36%        N/A       14%         2
 Searing Ray              Conj           36%        2d5       14%         2
 Sublimation of Blood     Necr           18%        N/A       14%         2
 Airstrike                Air            19%        2d(3-19)  17%         4
 Call Canine Familiar     Summ           18%        N/A       26%         3
 Fugue of the Fallen      Necr           18%        N/A       26%         3
 Passwall                 Erth           18%        N/A       26%         3
 Stone Arrow              Conj/Erth      36%        3d9       26%         3
 Vampiric Draining        Necr           18%        2d7       26%         3
 Flame Wave               Conj/Fire      33%        2d10      26%         4
 Iskenderun's Mystic Bla  Conj/Tloc      33%        2d8       26%         4
 Summon Blazeheart Golem  Fire/Summ      33%        N/A       26%         4
 Summon Lightning Spire   Summ/Air       28%        N/A       34%         4
 Animate Dead             Necr           18%        N/A       61%         4
 Brom's Barrelling Bould  Conj/Erth      18%        2d4       61%         4
 Dispel Undead            Necr           18%        3d11      61%         4
 Martyr's Knell           Necr/Summ      18%        N/A       61%         4
 Alistair's Intoxication  Alch           44%        N/A       2%          5
 Silence                  Hex/Air        33%        N/A       2%          5
 Summon Mana Viper        Hex/Summ       61%        N/A       4%          5
 Sculpt Simulacrum        Ice/Alch       33%        N/A       11%         6
 Irradiate                Conj/Alch      24%        3d19      21%         5
 Freezing Cloud           Conj/Ice/Air   22%        6-21      28%         5
 Ozocubu's Refrigeration  Ice            33%        4d14      45%         7
 Fireball                 Conj/Fire      16%        3d8       54%         5
 Summon Forest            Summ/Tloc      16%        N/A       54%         5
 Arcjolt                  Conj/Air       14%        1d24      67%         5
 Dispersal                Tloc           24%        N/A       71%         6
 Plasma Beam              Fire/Air       21%        2x1d33    83%         6
 Borgnjor's Vile Clutch   Necr/Erth      9%         N/A       90%         5
 Curse of Agony           Necr           18%        N/A       90%         5
 Iskenderun's Battlesphe  Conj           18%        2d7       90%         5
 Lee's Rapid Deconstruct  Erth           9%         3d7*      90%         5
 Starburst                Conj/Fire      16%        6d6       97%         6
 Conjure Ball Lightning   Conj/Air       14%        3x3d6     99%         6
 Bombard                  Conj/Erth      9%         9d2       100%        6
 Death Channel            Necr           9%         N/A       100%        6
 Haunt                    Necr/Summ      9%         N/A       100%        7
 Malign Gateway           Summ/Tloc      16%        N/A       100%        7
 Monstrous Menagerie      Summ           9%         N/A       100%        7
 Orb of Destruction       Conj           9%         9d6       100%        7
 Spellforged Servitor     Conj/Summ      9%         N/A       100%        7
 Summon Hydra             Summ           9%         N/A       100%        7
 Borgnjor's Revivificati  Necr           9%         N/A       100%        8
 Disjunction              Tloc           24%        N/A       100%        8
 Ignition                 Fire           24%        3d8       100%        8
 Lehudib's Crystal Spear  Conj/Erth      9%         10d4      100%        8
 Maxwell's Capacitive Co  Air            19%        ∞         100%        8
 Summon Horrible Things   Summ           9%         N/A       100%        8
 Chain Lightning          Conj/Air       14%        3d18      100%        9
 Death's Door             Necr           9%         N/A       100%        9
 Dragon's Call            Summ           9%         N/A       100%        9
 Fire Storm               Conj/Fire      16%        8d4       100%        9
 Polar Vortex             Ice            33%        12d4*     100%        9
 Animate Armour           Summ/Erth      Unusable   N/A       N/A         4

Dungeon Overview and Level Annotations

Branches:
Dungeon (15/15)            Temple (0/1) D:6            Lair (5/5) D:8
 Shoals (4/4) Lair:3        Snake (4/4) Lair:3        Slime (5/5) Lair:4
    Orc (2/2) D:10            Elf (3/3) Orc:2        Vaults (5/5) D:14
  Crypt (3/3) Vaults:3       Tomb (0/3) Crypt:3      Depths (4/4) D:15
    Zot (5/5) Depths:4     Bailey (visited)         Desolation (visited)

Altars:
Cheibriados
Dithmenos
Elyvilon
Fedhas
Gozag
Hepliaklqana
Kikubaaqudgha
Makhleb
Okawaru
Ru
Sif Muna
Trog
Uskayaw
Xom
Yredelemnul
Zin
The Shining One
Lugonu

Shops:
D:5 *(([(   D:10 *   D:15 *   Orc:1 [   Orc:2 =*[(   Elf:1 ?   Shoals:3 (
Snake:3 =   Vaults:4 [   Depths:1 [[*(   Depths:4 *

Portals:
Hell: Depths:1 Depths:2 Depths:3 Depths:4
Abyss: Shoals:1 Depths:1 Depths:2 Depths:3
Pandemonium: Depths:1 Depths:2 Depths:4

Annotations:
Shoals:1 1 runed translucent door
Zot:5 2 exclusions


Innate Abilities, Weirdness & Mutations

You are an undying horror.
Your melee and unarmed attacks drain, slow and weaken victims.
You are immune to unholy pain and torment.
You cannot drink.
You are immune to poison.
((You can breathe bolts of dispelling energy.))
Your rich purple scales are hard. (AC +13)
You cannot fit into any form of body armour.
You are cold-blooded and may be slowed by cold attacks.
You have a pair of horns on your head.
Your tail ends in a venomous barb.
You have sharp toenails.
Your mind is acute. (Int +4, Str/Dex -1)
You are clumsy. (Dex -2)
Your flesh is cold resistant. (rC+)
You are robust. (+10% HP)
Your muscles are very strong. (Str +8, Int/Dex -2)
Your spells are a little harder to cast, but a little more powerful.
You passively dampen the noise of your surroundings.


Message History

You puncture Sivvolik!
Sivvolik decays.
Your kick misses Sivvolik.
Your tail-slap misses Sivvolik.
Sivvolik is heavily wounded.
You block Sivvolik's attack. You block the hellwing's attack. x2
You miss Sivvolik. Your kick misses Sivvolik. Your headbutt misses Sivvolik.
You tail-slap Sivvolik!
Sivvolik looks even sicker.
You hit Sivvolik but do no damage. Your kick misses Sivvolik.
You tail-slap Sivvolik, but do no damage.
Sivvolik is heavily wounded.
Sivvolik hits you!
You feel your power leaking away.
You hit Sivvolik but do no damage. You claw Sivvolik, but do no damage.
Your tail-slap misses Sivvolik.
You miss Sivvolik. You claw Sivvolik. Your headbutt misses Sivvolik.
You tail-slap Sivvolik.
Sivvolik is severely wounded.
You block the hellwing's attack. x2
You miss Sivvolik. You claw Sivvolik, but do no damage.
Your headbutt misses Sivvolik.
Your tail-slap misses Sivvolik.
You completely miss Sivvolik. Your kick misses Sivvolik.
Your tail-slap misses Sivvolik.
Sivvolik is severely wounded.
You block Sivvolik's attack.
You barely miss Sivvolik. You claw Sivvolik.
You headbutt Sivvolik, but do no damage.
You hit Sivvolik but do no damage. You claw Sivvolik, but do no damage.
You headbutt Sivvolik, but do no damage.
Sivvolik is severely wounded.
You block the hellwing's attack. x2
You completely miss Sivvolik. You claw Sivvolik, but do no damage.
Your headbutt misses Sivvolik. You hit Sivvolik but do no damage.
You claw Sivvolik, but do no damage. You headbutt Sivvolik.
Your tail-slap misses Sivvolik.
Sivvolik is severely wounded.
You block Sivvolik's attack.
You completely miss Sivvolik. Your kick misses Sivvolik.
Your tail-slap misses Sivvolik.
You barely miss Sivvolik. You claw Sivvolik.
Sivvolik is severely wounded.
You block the hellwing's attack. x2; You block Sivvolik's attack.
You hit Sivvolik but do no damage. You claw Sivvolik, but do no damage.
You headbutt Sivvolik. You completely miss Sivvolik. Your kick misses Sivvolik.
Sivvolik is severely wounded.
You block the hellwing's attack. x2; You block Sivvolik's attack.
You hit Sivvolik but do no damage. Your kick misses Sivvolik.
Your headbutt misses Sivvolik.
You tail-slap Sivvolik, but do no damage.
You puncture Sivvolik!
Sivvolik decays.
You claw Sivvolik, but do no damage.
Sivvolik is severely wounded.
You closely miss Sivvolik. You claw Sivvolik.
You tail-slap Sivvolik, but do no damage.
You puncture Sivvolik!
Sivvolik decays.
Your kick misses Sivvolik. Your headbutt misses Sivvolik.
Your tail-slap misses Sivvolik.
Sivvolik is almost dead.
Xom plays with reality for a moment.
Sivvolik hits you but does no damage. You block the hellwing's attack. x2
You closely miss Sivvolik. You claw Sivvolik. Your headbutt misses Sivvolik.
You miss Sivvolik. Your kick misses Sivvolik. Your headbutt misses Sivvolik.
Your tail-slap misses Sivvolik.
Sivvolik is almost dead.
You hit Sivvolik but do no damage. Your kick misses Sivvolik.
You headbutt Sivvolik, but do no damage.
Your tail-slap misses Sivvolik.
You closely miss Sivvolik. Your kick misses Sivvolik.
Your tail-slap misses Sivvolik.
Sivvolik is almost dead.
You block Sivvolik's attack. You block the hellwing's attack. x2
Press: ? - help, v - describe, . - travel
Here: Sivvolik, armed with an antimagic touch (almost dead, poisoned, slow, weak)
The floor.
You barely miss Sivvolik. Your kick misses Sivvolik. You headbutt Sivvolik!
Your tail-slap misses Sivvolik.
You hit Sivvolik but do no damage. Your kick misses Sivvolik.
You headbutt Sivvolik, but do no damage.
Sivvolik is almost dead.
You closely miss Sivvolik. Your kick misses Sivvolik.
You headbutt Sivvolik, but do no damage.
You tail-slap Sivvolik. You hit Sivvolik.
Sivvolik decays.
You claw Sivvolik.
Sivvolik is almost dead.
Sivvolik hits you!
You feel your power leaking away. You block the hellwing's attack. x2
You barely miss Sivvolik. Your kick misses Sivvolik.
Your headbutt misses Sivvolik. You hit Sivvolik but do no damage.
Your kick misses Sivvolik. Your headbutt misses Sivvolik.
You tail-slap Sivvolik.
Sivvolik is almost dead.
Sivvolik hits you but does no damage.
You hit Sivvolik but do no damage. Your kick misses Sivvolik.
You headbutt Sivvolik.
You tail-slap Sivvolik, but do no damage.
You hit Sivvolik but do no damage.
You headbutt Sivvolik, but do no damage.
Sivvolik is almost dead.
You block the hellwing's attack. x2
Your rat bites the hellwing but does no damage.
You hit Sivvolik but do no damage. Your kick misses Sivvolik.
Your headbutt misses Sivvolik.
You tail-slap Sivvolik, but do no damage.
You hit Sivvolik but do no damage. Your kick misses Sivvolik.
You headbutt Sivvolik.
Sivvolik is almost dead.
You block Sivvolik's attack. You block the hellwing's attack.
The hellwing hits you but does no damage.
You closely miss Sivvolik. Your kick misses Sivvolik. You puncture Sivvolik!
Sivvolik decays.
Your kick misses Sivvolik.
Sivvolik is almost dead.
Your rat bites the hellwing but does no damage.
You hit Sivvolik.
You kill Sivvolik!
The hellwing hits you. You block the hellwing's attack.
You feel your strength returning.
You feel your intelligence returning.
You hit the hellwing but do no damage. You claw the hellwing!
Your headbutt misses the hellwing. You barely miss the hellwing.
You claw the hellwing, but do no damage.
You headbutt the hellwing, but do no damage.
The hellwing is moderately wounded.
You block the ufetubus's attack. x2; Your rat closely misses the hellwing.
You puncture the hellwing!
The hellwing decays.
You claw the hellwing. You headbutt the hellwing! You barely miss the hellwing.
You claw the hellwing. You headbutt the hellwing.
Your tail-slap misses the hellwing.
The hellwing is almost dead.
You block the ufetubus's attack. x2; Your rat barely misses the hellwing.
You block the hellwing's attack. x2
You hit the hellwing but do no damage. You claw the hellwing.
You headbutt the hellwing, but do no damage.
You puncture the hellwing!
You kill the hellwing!
You closely miss the ufetubus. You claw the ufetubus.
Your headbutt misses the ufetubus. You puncture the ufetubus!
You kill the ufetubus!
The ufetubus disappears in a puff of smoke!
Your rat barely misses the ufetubus.
You puncture the ufetubus!
You kill the ufetubus!
The ufetubus disappears in a puff of smoke!
The ufetubus slips past you! You block the ufetubus's attack. x2
You barely miss the ufetubus. Your kick misses the ufetubus.
Your headbutt misses the ufetubus. You tail-slap the ufetubus!
You kill the ufetubus!
The ufetubus disappears in a puff of smoke! x2
Your rat bites the ynoxinul but does no damage.
You puncture the ynoxinul!
The ynoxinul decays.
You claw the ynoxinul. You headbutt the ynoxinul!!
You kill the ynoxinul!
The ufetubus disappears in a puff of smoke! x4
No target in view!
No target in view!
What level of the Dungeon? (default 1, ? - help)
There is a stone staircase leading up here.
You climb upwards.
Your summoned ally is left behind.
There is a stone staircase leading down here.
There is an escape hatch in the floor here.
A hell beast comes into view.
You barely miss the hell beast. Your kick misses the hell beast.
You headbutt the hell beast!
Your tail-slap misses the hell beast.
You puncture the hell beast!
The hell beast decays.
You claw the hell beast, but do no damage.
Your tail-slap misses the hell beast.
The hell beast is moderately wounded.
You puncture the hell beast!
The hell beast decays.
You claw the hell beast. You headbutt the hell beast!! You hit the hell beast.
The hell beast decays.
You claw the hell beast. You headbutt the hell beast.
The hell beast is severely wounded.
You block the hell beast's attack. x2
You hit the hell beast.
The hell beast decays.
You claw the hell beast. You puncture the hell beast!
You kill the hell beast!
No target in view!
No target in view!
What level of the Dungeon? (default 1, ? - help)
A shadow demon comes into view.
The shadow demon gestures.
You hit the two-headed ogre.
The two-headed ogre decays.
You claw the two-headed ogre! You headbutt the two-headed ogre.
You tail-slap the two-headed ogre, but do no damage.
You puncture the two-headed ogre!
The two-headed ogre decays.
You claw the two-headed ogre! You headbutt the two-headed ogre!!
The two-headed ogre is almost dead.
You puncture the two-headed ogre!
You kill the two-headed ogre!
The two-headed ogre's corpse dissolves into shadows!
You block the shadow demon's attack.
You hit the shadow demon.
The shadow demon decays.
You claw the shadow demon, but do no damage.
You tail-slap the shadow demon.
The shadow demon is poisoned.
You closely miss the shadow demon. Your kick misses the shadow demon.
You headbutt the shadow demon.
The shadow demon is lightly wounded.
You closely miss the shadow demon. You tail-slap the shadow demon.
The shadow demon looks even sicker.
You puncture the shadow demon!
The shadow demon decays.
You claw the shadow demon!
The shadow demon is severely wounded.
You puncture the shadow demon!
The shadow demon decays.
You claw the shadow demon.
You kill the shadow demon!
What level of the Dungeon? (default 1, ? - help)
Things that are here:
6 large rocks; a cyclops skeleton An Orb Guardian comes into view.
The Orb Guardian hits you!
You barely miss the Orb Guardian. Your kick misses the Orb Guardian.
Your headbutt misses the Orb Guardian.
Your tail-slap misses the Orb Guardian.
You hit the Orb Guardian but do no damage.
You claw the Orb Guardian! You headbutt the Orb Guardian.
The Orb Guardian is lightly wounded.
You block the Orb Guardian's attack.
You puncture the Orb Guardian!
The Orb Guardian decays.
Your kick misses the Orb Guardian. You headbutt the Orb Guardian!
You tail-slap the Orb Guardian, but do no damage.
You hit the Orb Guardian but do no damage.
Your kick misses the Orb Guardian. You tail-slap the Orb Guardian!
The Orb Guardian is heavily wounded.
The Orb Guardian hits you but does no damage.
You closely miss the Orb Guardian. Your kick misses the Orb Guardian.
You headbutt the Orb Guardian.
You tail-slap the Orb Guardian, but do no damage.
You hit the Orb Guardian but do no damage.
You claw the Orb Guardian, but do no damage.
You headbutt the Orb Guardian!
The Orb Guardian is severely wounded.
You closely miss the Orb Guardian. You claw the Orb Guardian.
Your headbutt misses the Orb Guardian. You closely miss the Orb Guardian.
Your kick misses the Orb Guardian. You headbutt the Orb Guardian.
Your tail-slap misses the Orb Guardian.
The Orb Guardian is severely wounded.
You block the Orb Guardian's attack.
You puncture the Orb Guardian!
The Orb Guardian decays.
You feel better.
You claw the Orb Guardian. You hit the Orb Guardian.
The Orb Guardian decays.
You claw the Orb Guardian!
You kill the Orb Guardian!
No target in view!
No target in view!
What level of the Dungeon? (default 1, ? - help)
There is a stone staircase leading up here.
You climb upwards.
There is a stone staircase leading down here.
There is an open door here.
Magic restored.
There is an open door here.
There is a stone staircase leading up, spattered with blood here.
You climb upwards.
There is a stone staircase leading down here.
There is a stone staircase leading up here.
You climb upwards.
There is a stone staircase leading down here.
Things that are here:
a +0 robe; a +0 dagger
There is an open door here.
Items here: )) [ ÷.
There is a stone staircase leading up here.
You climb upwards.
There is a stone staircase leading down here.
There is an open door here.
There is an open door here.
The gnoll shouts!
You barely miss the gnoll. You claw the gnoll!
Your tail-slap misses the gnoll.
You hit the gnoll.
You kill the gnoll!
No target in view!
No target in view!
What level of the Dungeon? (default 1, ? - help)
An ice devil comes into view.
You hit the ice devil but do no damage. You claw the ice devil.
You puncture the ice devil!
The ice devil decays.
You claw the ice devil. Your headbutt misses the ice devil.
The ice devil is moderately wounded.
You closely miss the ice devil.
You claw the ice devil, but do no damage.
You headbutt the ice devil! You tail-slap the ice devil.
You puncture the ice devil!
The ice devil decays.
You claw the ice devil, but do no damage.
Your headbutt misses the ice devil.
The ice devil is severely wounded.
The ice devil closely misses you.
You hit the ice devil but do no damage. Your kick misses the ice devil.
You hit the ice devil.
The ice devil decays.
You headbutt the ice devil, but do no damage.
The ice devil is almost dead.
You hit the ice devil.
The ice devil decays.
You claw the ice devil.
You kill the ice devil!
No target in view!
What level of the Dungeon? (default 1, ? - help)
There is a stone staircase leading up here.
You climb upwards.
There is a stone staircase leading down here.
A large abomination comes into view.
You block the large abomination's attack.
You hit the large abomination.
The large abomination decays.
Your kick misses the large abomination. You headbutt the large abomination.
You tail-slap the large abomination, but do no damage.
You puncture the large abomination!
The large abomination decays.
You claw the large abomination, but do no damage.
You headbutt the large abomination, but do no damage.
The large abomination is moderately damaged.
You hit the large abomination but do no damage.
You claw the large abomination. You headbutt the large abomination!
You hit the large abomination but do no damage.
You claw the large abomination!
The large abomination is almost destroyed.
A shadow demon comes into view.
You puncture the large abomination!
You destroy the large abomination!
You block the shadow demon's attack.
You puncture the shadow demon!
The shadow demon decays.
You claw the shadow demon. You headbutt the shadow demon.
Your tail-slap misses the shadow demon.
You hit the shadow demon.
The shadow demon decays.
You claw the shadow demon, but do no damage.
You headbutt the shadow demon!
The shadow demon is heavily wounded.
You puncture the shadow demon!
The shadow demon decays.
Your kick misses the shadow demon. You tail-slap the shadow demon.
You barely miss the shadow demon. You claw the shadow demon.
You tail-slap the shadow demon!
You kill the shadow demon!
No target in view!
No target in view!
What level of the Dungeon? (default 1, ? - help)
There is a stone staircase leading up here.
You climb upwards.
There is a stone staircase leading down here.
There is a stone staircase leading up here.
You climb upwards.
There is a stone staircase leading down here.
Things that are here:
a +0 leather armour; a +0 whip A soul eater comes into view.
The soul eater hits you but does no damage.
You barely miss the soul eater.
You claw the soul eater, but do no damage.
You completely miss the soul eater. You claw the soul eater.
You headbutt the soul eater.
The soul eater is lightly wounded.
You hit the soul eater.
The soul eater decays.
You claw the soul eater. Your headbutt misses the soul eater.
Your tail-slap misses the soul eater.
You hit the soul eater but do no damage.
You claw the soul eater, but do no damage.
You headbutt the soul eater. You tail-slap the soul eater.
The soul eater is poisoned.
The soul eater is moderately wounded.
You hit the soul eater.
The soul eater decays.
You claw the soul eater, but do no damage.
You headbutt the soul eater, but do no damage.
You hit the soul eater but do no damage.
You claw the soul eater, but do no damage.
You headbutt the soul eater, but do no damage.
The soul eater is moderately wounded.
The soul eater barely misses you.
You barely miss the soul eater.
You claw the soul eater, but do no damage.
Your headbutt misses the soul eater.
You tail-slap the soul eater, but do no damage.
You hit the soul eater.
The soul eater decays.
You claw the soul eater.
You headbutt the soul eater, but do no damage.
The soul eater is moderately wounded.
You hit the soul eater but do no damage.
Your kick misses the soul eater. Your headbutt misses the soul eater.
You tail-slap the soul eater, but do no damage.
You hit the soul eater.
The soul eater decays.
You claw the soul eater!
You headbutt the soul eater, but do no damage.
The soul eater is severely wounded.
The soul eater hits you but does no damage.
You puncture the soul eater!
The soul eater decays.
You claw the soul eater! You headbutt the soul eater.
You kill the soul eater!
No target in view!
What level of the Dungeon? (default 1, ? - help)
There is a stone staircase leading down here.
There is a stone staircase leading up here.
You climb upwards.
There is a stone staircase leading down here.
There is a stone staircase leading up here.
You climb upwards.
There is a stone staircase leading down here.
You see here a +0 halberd.
Things that are here:
a +0 club; a +0 club
There is a stone staircase leading up here.
You climb upwards.
There is a stone staircase leading down here.
There is a stone staircase leading up here.
You climb upwards.
There is a stone staircase leading down here.
You see here a rat skeleton.
A shadow demon comes into view.
You hit the shadow demon but do no damage.
You claw the shadow demon. You completely miss the shadow demon.
Your kick misses the shadow demon. You tail-slap the shadow demon.
The shadow demon is lightly wounded.
You hit the shadow demon.
The shadow demon decays.
You claw the shadow demon. Your headbutt misses the shadow demon.
You tail-slap the shadow demon. You puncture the shadow demon!
The shadow demon decays.
You claw the shadow demon.
You headbutt the shadow demon, but do no damage.
The shadow demon is severely wounded.
You hit the shadow demon but do no damage.
You claw the shadow demon. You headbutt the shadow demon.
You tail-slap the shadow demon!
You kill the shadow demon!
No target in view!
What level of the Dungeon? (default 1, ? - help)
A Tzitzimitl comes into view.
The Tzitzimitl roars!
Cast which spell? (? or * to list)
Aiming: Enfeeble (mildly dangerous; 2% risk of failure)
Press: ? - help, Shift-Dir - straight line, f - Tzitzimitl
Aim: a Tzitzimitl (will inflict weakness and antimagic)
The Tzitzimitl partially resists.
The Tzitzimitl is enfeebled!
You block the Tzitzimitl's attack. x2
You hit the Tzitzimitl but do no damage.
Your kick misses the Tzitzimitl.
You headbutt the Tzitzimitl, but do no damage.
You closely miss the Tzitzimitl.
You claw the Tzitzimitl, but do no damage.
You hit the Tzitzimitl but do no damage.
Your kick misses the Tzitzimitl. Your headbutt misses the Tzitzimitl.
Your tail-slap misses the Tzitzimitl.
You closely miss the Tzitzimitl. You claw the Tzitzimitl!
You headbutt the Tzitzimitl!
The Tzitzimitl is moderately wounded.
You block the Tzitzimitl's attack. The Tzitzimitl completely misses you.
You hit the Tzitzimitl but do no damage.
Your kick misses the Tzitzimitl. You tail-slap the Tzitzimitl.
You completely miss the Tzitzimitl. You claw the Tzitzimitl.
Your headbutt misses the Tzitzimitl.
You tail-slap the Tzitzimitl, but do no damage.
The Tzitzimitl is moderately wounded.
You hit the Tzitzimitl.
The Tzitzimitl decays.
Your kick misses the Tzitzimitl.
Your tail-slap misses the Tzitzimitl.
You hit the Tzitzimitl but do no damage.
You claw the Tzitzimitl. Your headbutt misses the Tzitzimitl.
The Tzitzimitl is moderately wounded.
The Tzitzimitl's magic is no longer disrupted.
The Tzitzimitl engulfs you but does no damage.
You block the Tzitzimitl's attack.
You hit the Tzitzimitl but do no damage.
You claw the Tzitzimitl.
You tail-slap the Tzitzimitl, but do no damage.
You hit the Tzitzimitl but do no damage.
Your kick misses the Tzitzimitl. Your headbutt misses the Tzitzimitl.
You tail-slap the Tzitzimitl.
The Tzitzimitl is poisoned.
The Tzitzimitl is moderately wounded.
You puncture the Tzitzimitl!
The Tzitzimitl decays.
Your kick misses the Tzitzimitl. You tail-slap the Tzitzimitl.
You hit the Tzitzimitl.
The Tzitzimitl decays.
You claw the Tzitzimitl, but do no damage.
You headbutt the Tzitzimitl!
Your tail-slap misses the Tzitzimitl.
The Tzitzimitl is severely wounded.
You puncture the Tzitzimitl!
The Tzitzimitl decays.
Your kick misses the Tzitzimitl. You tail-slap the Tzitzimitl.
You barely miss the Tzitzimitl. Your kick misses the Tzitzimitl.
The Tzitzimitl is almost dead.
The Tzitzimitl gestures at you.
You convulse!
You closely miss the Tzitzimitl. Your kick misses the Tzitzimitl.
You headbutt the Tzitzimitl. You hit the Tzitzimitl.
The Tzitzimitl decays.
Your kick misses the Tzitzimitl. Your headbutt misses the Tzitzimitl.
Your tail-slap misses the Tzitzimitl.
The Tzitzimitl is almost dead.
You hit the Tzitzimitl.
The Tzitzimitl decays.
Your kick misses the Tzitzimitl. You headbutt the Tzitzimitl.
You tail-slap the Tzitzimitl, but do no damage.
You barely miss the Tzitzimitl.
You claw the Tzitzimitl, but do no damage.
Your tail-slap misses the Tzitzimitl.
The Tzitzimitl is almost dead.
You hit the Tzitzimitl.
The Tzitzimitl decays.
You claw the Tzitzimitl. Your headbutt misses the Tzitzimitl.
You hit the Tzitzimitl but do no damage.
Your kick misses the Tzitzimitl.
You headbutt the Tzitzimitl, but do no damage.
The Tzitzimitl is almost dead.
You barely miss the Tzitzimitl. Your kick misses the Tzitzimitl.
Your headbutt misses the Tzitzimitl. You tail-slap the Tzitzimitl.
You kill the Tzitzimitl!
You feel your dexterity returning.
What level of the Dungeon? (default 1, ? - help) Magic restored.
HP restored.
There is an open door here.
A blizzard demon comes into view.
You puncture the blizzard demon!
The blizzard demon decays.
You claw the blizzard demon.
You tail-slap the blizzard demon, but do no damage.
You hit the blizzard demon but do no damage.
You claw the blizzard demon, but do no damage.
You headbutt the blizzard demon! You tail-slap the blizzard demon.
The blizzard demon is heavily wounded.
You hit the blizzard demon.
The blizzard demon decays.
You claw the blizzard demon, but do no damage.
You headbutt the blizzard demon. You barely miss the blizzard demon.
You claw the blizzard demon.
Your headbutt misses the blizzard demon.
Your tail-slap misses the blizzard demon.
The blizzard demon is severely wounded.
You puncture the blizzard demon!
The blizzard demon decays.
You claw the blizzard demon, but do no damage.
You headbutt the blizzard demon! You puncture the blizzard demon!
You kill the blizzard demon!
No target in view!
No target in view!
There is a staircase leading out of the dungeon here.
You have escaped!

##### ##≈≈~♣##
#≈≈≈♣.>#
###♣♣♣..###
###.'......z#
##...#♣♣♣..###
#..###≈≈~♣..#
#####.##
##≈≈≈♣##
......# #####
####### # # #


There were no monsters in sight!

Vanquished Creatures
  Cerebov (Pan)
  5 pandemonium lords
  the Royal Jelly (Slime:5)
  Mnoleg (Pan)
  Gloorx Vloq (Pan)
  Lom Lobon (Pan)
  A seraph (Pan)
  6 dread liches
  3 ancient liches (Vaults:5)
  2 orbs of fire
  Josephina (Depths:3)
  The ghost of Jyfueq the Conqueror, a master GrHu of Okawaru (Zot:1)
  Bai Suzhen (Vaults:3)
  2 Killer Klowns
  Saint Roka (Snake:3)
  3 curse toes
  A caustic shrike (shapeshifter) (Zig:9)
  Vashnia (Snake:3)
  7 caustic shrikes
  14 golden dragons
  Jory (Crypt:3)
  3 pearl dragons
  Norris (Elf:1)
  3 Tzitzimimeh
  3 bone dragons
  3 Brimstone Fiends
  A hellephant (Depths:3)
  3 Hell Sentinels (Pan)
  20 tentacled monstrosities
  A walking crystal tome (Depths:3)
  Jorgrun (Elf:2)
  The ghost of Mischaklue the Devastator, an adept GrFE of Sif Muna (Vaults:4)
  7 liches
  2 deep elf master archers (Elf:3)
  19 Orb Guardians
  3 deep elf blademasters
  A walking earthen tome (Depths:2)
  A walking frostbound tome (Depths:2)
  18 acid blobs
  6 sphinxes
  5 quicksilver dragons
  A quicksilver dragon (shapeshifter) (Zig:9)
  7 titans
  A walking divine tome (Depths:3)
  2 ancient champions
  Frances (D:14)
  13 Executioners (Pan)
  10 death cobs
  5 tentacled starspawn
  Agnes (Elf:2)
  17 shadow dragons
  A thorn hunter (Abyss:3)
  12 storm dragons
  13 daevas
  A revenant (Crypt:1)
  3 rockslimes
  13 protean progenitors
  Aizul (Snake:4)
  2 tengu reavers
  A fenstrider witch (shapeshifter) (Vaults:5)
  10 azure jellies
  3 fire giants
  5 nagarajas
  4 draconian knights
  8 demonspawn warmongers
  6 deep elf sorcerers
  2 iron dragons
  2 imperial myrmidons (Desolation)
  11 draconian monks
  4 deep elf elementalists
  4 draconian shifters
  22 vault wardens
  6 draconian scorchers
  7 frost giants
  26 balrugs
  An emperor scorpion (Zig:8)
  2 curse skulls
  7 ghost moths
  An orc warlord (Orc:2)
  22 angels
  5 ghouls (Crypt:3)
  A spectral Killer Klown (Zot:2)
  2 juggernaut skeletons (Pan)
  8 demonspawn blood saints
  A draconian stormcaller (Zot:4)
  8 demonspawn corrupters
  13 cacodemons (Pan)
  7 reapers
  22 ironbound preservers
  4 demonspawn black suns (Pan)
  6 draconian annihilators
  9 deep elf demonologists
  11 quicksilver oozes
  2 broodmothers
  12 very ugly things
  12 stone giants
  12 apis (Pan)
  7 lorocyprocas (Pan)
  A caustic shrike skeleton (Pan)
  6 deep elf annihilators
  13 white draconians
  A formless jellyfish (Vaults:4)
  12 ophanim
  12 ironbound thunderhulks
  15 green draconians
  Nessos (Orc:2)
  19 vampire knights
  2 halazid warlocks (Desolation)
  8 deep elf death magi
  13 yellow draconians
  10 black draconians
  6 red draconians
  Azrael (Elf:2)
  13 spark wasps
  13 purple draconians
  10 dire elephants
  5 war gargoyles
  A bunyip (Zot:5)
  An eidolon (Crypt:3)
  The ghost of Caerwyn the Grappler, a journeyman DrSh of Gozag (D:12)
  Snorg (D:13)
  2 crystal guardians
  7 blizzard demons
  2 merfolk javelineers (Shoals:4)
  2 spectral golden dragons (Zot:2)
  8 merfolk impalers (Shoals:4)
  A spectral quicksilver dragon (Zot:2)
  16 ettins
  9 great orbs of eyes
  10 fire dragons
  12 jiangshi
  11 yaktaur captains
  5 entropy weavers
  8 green deaths
  8 deep elf high priests
  4 spriggan zombies
  5 rakshasas
  6 hydras
  3 radroaches
  11 ragged hierophants (Desolation)
  A fenstrider witch zombie (Crypt:3)
  9 ice dragons
  12 servants of whispers (Desolation)
  5 hell beasts
  14 peacekeepers
  A hydra (shapeshifter) (Vaults:1)
  7 spriggan air magi
  An ice dragon (shapeshifter) (Vaults:3)
  5 salamander tyrants
  34 vault guards
  An ogre mage (D:14)
  12 centaur warriors
  8 boulder beetles
  A jorogumo (Pan)
  Erica (Orc:1)
  A death knight (Crypt:1)
  The ghost of Qaf Hyos the Summoner, a journeyman FeSu of Kikubaaqudgha (Lair:1)
  2 alligators
  14 anacondas
  32 dancing weapons
  12 ironbound frosthearts
  5 merfolk aquamancers
  8 two-headed ogres
  4 satyrs
  18 tengu warriors
  2 spectral draconians (Zot:2)
  7 deep troll earth magi
  A two-headed ogre (shapeshifter) (Vaults:5)
  12 vampire magi
  11 death yaks
  2 titan zombies
  2 hell hogs (Depths:2)
  4 deep troll shamans
  An Orb Guardian skeleton (Crypt:3)
  21 deep elf knights
  21 soul eaters
  A spectral storm dragon (Zot:2)
  11 shock serpents
  14 naga sharpshooters
  17 naga warriors
  4 orc high priests (Orc:2)
  6 spriggan berserkers
  2 thrashing horrors
  55 sun demons
  3 demonic crawlers
  A cyclops (shapeshifter) (Vaults:5)
  A titan skeleton (Crypt:3)
  Amaemon (D:8)
  4 shadow wraiths
  25 hell knights
  2 hellephant skeletons (Pan)
  7 skysharks
  2 wretched stars (Abyss:3)
  45 skeletal warriors
  A fire crab (Orc:2)
  A spectral spark wasp (Depths:1)
  8 iron trolls
  A pharaoh ant (Zig:8)
  A sea snake (shapeshifter) (Vaults:5)
  17 sixfirhies
  14 cherubim
  A sun moth (shapeshifter) (Elf:1)
  A golden dragon zombie (Crypt:3)
  4 salamander mystics
  13 glowing orange brains
  50 deep trolls
  6 flayed ghosts
  2 spriggan druids (Zig:12)
  3 quicksilver dragon simulacra
  14 shadow demons
  7 arcanists
  A bog body (Crypt:3)
  5 sea snakes
  11 mana vipers
  17 harpies
  32 ironbound convokers
  An orb spider (Pan)
  4 naga ritualists
  8 deep elf archers
  29 deep elf zephyrmancers
  A spectral wolf spider (D:12)
  2 steelbarb worms (Zig:6)
  7 sun moths
  20 large abominations
  32 phantasmal warriors
  4 necromancers
  An obsidian statue (Zot:5)
  7 lindwurms
  An oklob plant (D:6)
  34 deep elf pyromancers
  A shining eye (Slime:5)
  5 orc knights
  4 wolf spiders
  A sphinx simulacrum (Depths:3)
  33 ugly things
  6 orc sorcerers
  A death drake (shapeshifter) (Vaults:5)
  A shining eye (shapeshifter) (Vaults:5)
  7 cyclopes
  2 fauns (Shoals:1)
  A stone giant zombie (Crypt:3)
  10 manticores
  23 salamanders
  27 moths of wrath
  2 worldbinders (Abyss:3)
  2 manticores (shapeshifter)
  2 kobold blastminers (Orc:1)
  3 spectral centaurs (D:12)
  15 guardian serpents
  2 naga zombies (Crypt:3)
  3 rust devils (Pan)
  3 eyes of devastation
  A fire giant skeleton (Zig:5)
  8 water nymphs
  28 elephants
  23 smoke demons
  An eleionoma skeleton (Crypt:2)
  2 molten gargoyles (Desolation)
  3 apocalypse crabs
  A dire elephant zombie (Crypt:3)
  11 naga magi
  An ice statue (Depths:2)
  20 vault sentinels
  40 black mambas
  14 orange demons
  5 merfolk sirens
  3 gargoyles
  3 torpor snails
  12 cane toads
  5 hellions
  2 rime drakes
  An unseen horror (D:10)
  2 efreet (Pan)
  5 komodo dragons
  A minotaur skeleton (Crypt:3)
  3 ice devils
  4 tormentors
  6 freezing wraiths
  9 tengu conjurers
  A great orb of eyes zombie (Crypt:3)
  34 yaktaurs
  2 death yak skeletons
  A spriggan skeleton (Zig:5)
  10 red devils
  2 guardian mummies (Zig:5)
  23 hellwings
  6 trolls
  10 wind drakes
  An ancient zyme (Abyss:3)
  3 golden dragon simulacra
  A purple draconian skeleton (Crypt:3)
  A harpy zombie (Crypt:3)
  A polar bear (shapeshifter) (D:13)
  A tyrant leech (Pan)
  9 merfolk
  6 polar bears
  9 hornets
  2 tarantellas
  12 blink frogs
  A culicivora zombie (Crypt:2)
  A tarantella (shapeshifter) (Zig:9)
  20 dream sheep
  82 saltlings (Desolation)
  2 wind drakes (shapeshifter)
  An iron dragon simulacrum (Depths:3)
  A spectral meliai (D:12)
  8 glass eyes
  4 snapping turtles
  3 raiju (Abyss:3)
  An ettin zombie (Crypt:2)
  90 slime creatures
  A small abomination (Abyss:3)
  6 vampires
  2 culicivoras (Zig:8)
  3 wyverns
  16 spriggans
  A centaur simulacrum (D:13)
  19 water elementals
  11 air elementals
  15 wraiths
  14 ynoxinuls
  8 basilisks
  14 fire elementals
  18 yaks
  8 golden eyes
  25 starcursed masses
  18 neqoxecs
  3 vampire mosquitoes (D:11)
  16 chaos spawn
  2 wargs (Orc:2)
  A steam dragon (Lair:3)
  A wind drake skeleton (Crypt:2)
  2 redbacks
  35 nagas
  2 skyshark zombies (Crypt:3)
  14 water moccasins
  A glowing shapeshifter skeleton (Crypt:1)
  2 acid dragons
  2 spectral hornets (D:12)
  A faun skeleton (Crypt:2)
  2 hell hounds (Elf:2)
  2 ice beasts
  3 black bears
  23 laughing skulls
  42 orc warriors
  A naga skeleton (Crypt:3)
  4 boggarts (Lair:5)
  A swamp dragon zombie (Crypt:3)
  5 ettin simulacra (Depths:2)
  9 ogres
  An elephant skeleton (Crypt:3)
  24 wolves
  7 centaurs
  A phantom (D:5)
  Blork the orc (D:4)
  A brain worm (Orc:2)
  2 komodo dragon zombies
  3 kobold brigands
  3 gnoll sergeants
  3 necrophages (Crypt:3)
  A warg zombie (Crypt:2)
  8 bullfrogs
  2 earth elementals
  4 scorpions
  Dowan (D:4)
  A cyclops skeleton (Crypt:3)
  21 killer bees
  7 vampire bats (Bailey)
  A howler monkey (Orc:2)
  5 wolf zombies (Bailey)
  5 crimson imps
  3 hounds
  6 jellies
  27 orc priests
  Crazy Yiuf (D:2)
  2 gnoll boudas
  2 iguanas
  2 sleepcaps
  A human skeleton (Crypt:1)
  35 orc wizards
  A killer bee zombie (Crypt:1)
  An ice beast zombie (Crypt:1)
  A tengu skeleton (Crypt:2)
  A boggart simulacrum (D:12)
  6 mummies (Zig:5)
  31 gnolls
  7 adders
  A steam dragon skeleton (Crypt:1)
  6 white imps
  2 ufetubi (D:6)
  An adder zombie (Crypt:3)
  2 ribbon worms (D:2)
  A ribbon worm (shapeshifter) (Elf:1)
  91 orcs
  28 endoplasms
  A giant cockroach (D:2)
  13 goblins
  8 hobgoblins
  6 jackals
  31 kobolds
  A quokka (D:1)
  10 ball pythons
  4 bats
  A frilled lizard (D:2)
  A giant cockroach zombie (Crypt:1)
  A jackal skeleton (Crypt:2)
  17 orc zombies (Bailey)
  7 rats
  2 river rat skeletons
  11 aspiring fleshes
  A lurking horror (Abyss:3)
  4 starspawn tentacles (Abyss:3)
3257 creatures vanquished.

Vanquished Creatures (collateral kills)
  Margery (Depths:3)
  2 pearl dragons (Zig:14)
  A tentacled monstrosity (Zig:12)
  A Hell Sentinel (Zig:10)
  An Ice Fiend (Zig:10)
  A titan (Vaults:5)
  2 quicksilver dragons (Vaults:5)
  An Executioner (Pan)
  A storm dragon (Shoals:4)
  4 nagarajas
  2 daevas (Zig:14)
  A vault warden (Vaults:5)
  An angel (Zig:14)
  A demonspawn corrupter (Pan)
  A draconian annihilator (Zot:1)
  2 apis (Zig:14)
  4 ophanim (Zig:14)
  An eleionoma (Zig:12)
  2 very ugly things
  A deep elf annihilator (Vaults:5)
  A green death (Zig:12)
  A shambling mangrove (Zig:12)
  2 ragged hierophants (Desolation)
  3 deep elf high priests
  An anaconda (Zig:11)
  A servant of whispers (Desolation)
  2 vault guards (Vaults:5)
  2 ghost crabs (Zig:12)
  2 hydras (Zig:12)
  3 salamander tyrants (Zig:13)
  2 naga warriors
  5 naga sharpshooters
  A deep elf knight (Elf:2)
  A hell knight (Depths:2)
  A soul eater (Depths:2)
  A shock serpent (Zig:11)
  A skeletal warrior (Depths:2)
  A spriggan druid (Zig:12)
  A swamp dragon (Zig:12)
  A large abomination (Pan)
  A mana viper (Zig:11)
  A naga ritualist (Zig:13)
  7 cherubim (Zig:14)
  A bog body (Zig:12)
  A deep elf zephyrmancer (Elf:2)
  A manticore (Shoals:1)
  A moth of wrath (Zot:1)
  A salamander (Zig:11)
  2 elephants (Lair:2)
  A merfolk siren (Shoals:1)
  5 black mambas
  2 apocalypse crabs
  2 naga magi (Zig:11)
  4 guardian serpents
  A rime drake (Lair:3)
  A tyrant leech (Zig:12)
  A polar bear (Lair:3)
  A hornet (Zig:12)
  A bloated husk (Zig:12)
  4 saltlings (Desolation)
  A blink frog (Lair:1)
  A hellwing (Pan)
  2 spriggans
  A centaur simulacrum (D:12)
  A wyvern (Lair:3)
  2 chaos spawn (Zig:9)
  A steam dragon (Shoals:1)
  5 nagas
  5 wolves
  3 bullfrogs
  An orc wizard (D:10)
126 creatures vanquished.

Vanquished Creatures (others)
  A dread lich (Vaults:5)
  A pandemonium lord (Zig:10)
  The ghost of Plog the Wrestler, a master TrFi of Okawaru (Zot:2)
  An eldritch tentacle (Pan)
  A vault warden (Vaults:1)
  A balrug (Depths:2)
  A cacodemon (Pan)
  A quicksilver ooze (Vaults:3)
  2 great orbs of eyes (Vaults:3)
  A rakshasa (Pan)
  A merfolk aquamancer (Shoals:3)
  An anaconda (Zig:13)
  8 dancing weapons
  A hell knight (Depths:4)
  2 deep elf knights
  A mana viper (Snake:2)
  2 deep elf archers
  A steelbarb worm (Zot:5)
  2 deep elf pyromancers (Elf:3)
  2 deep elf zephyrmancers
  5 black mambas
  2 naga magi (Zig:13)
  2 yaktaurs
  A hellwing (Pan)
  A saltling (Desolation)
  2 yaks
  A chaos spawn (Pan)
  A neqoxec (Pan)
  A naga (Zig:11)
  Duvessa (D:4)
  5 orcs
  3 ball lightnings (Pan)
  9 starspawn tentacles
66 creatures vanquished.

Grand Total: 3449 creatures vanquished

Notes
Turn   | Place    | Note
-------+----------+-------------------------------------------
     0 | D:1      | jagoly the Draconian Chaos Knight began the quest for the
                  | Orb.
     0 | D:1      | Reached XP level 1. HP: 19/19 MP: 1/1
    82 | D:1      | XOM: silly message
   146 | D:1      | XOM: potion effect (attraction)
   169 | D:1      | Reached XP level 2. HP: 24/26 MP: 2/2
   171 | D:1      | XOM: divination: detect items
   235 | D:1      | XOM: silly message
   526 | D:1      | XOM: silly message
   690 | D:1      | Reached XP level 3. HP: 21/31 MP: 3/3
   917 | D:2      | XOM: silly message
  1073 | D:2      | Found the +8 Vampire's Tooth {megavamp}
  1162 | D:2      | XOM: silly message
  1187 | D:2      | XOM: butterfly on damage
  1204 | D:2      | XOM: silly message
  1416 | D:2      | Reached XP level 4. HP: 34/34 MP: 4/4
  1468 | D:2      | Reached skill level 1 in Stealth
  1568 | D:2      | Found a runed translucent door.
  1569 | D:2      | Noticed Crazy Yiuf
  1577 | D:2      | Killed Crazy Yiuf
  1723 | D:3      | Reached XP level 5. HP: 35/46 MP: 5/5
  1772 | D:3      | XOM: divination: detect creatures
  1795 | D:3      | XOM: 1-stop teleportation journey
  1930 | D:3      | XOM: 4-stop teleportation journey
  2476 | D:4      | XOM: stealth player
  2477 | D:4      | Noticed Blork the orc
  2487 | D:4      | Killed Blork the orc
  2488 | D:4      | Reached XP level 6. HP: 28/53 MP: 6/6
  2520 | D:4      | XOM: give mutations
  2520 | D:4      | Gained mutation: Your tail ends in a venomous barb. [Xom's
                  | grace]
  2520 | D:4      | Gained mutation: You are robust. (+10% HP) [Xom's grace]
  2520 | D:4      | Gained mutation: You are somewhat resistant to further
                  | mutation. [Xom's grace]
  2520 | D:4      | Gained mutation: Your mind is acute. (Int +4, Str/Dex -1)
                  | [Xom's grace]
  2632 | D:4      | Reached skill level 5 in Fighting
  2767 | D:4      | Noticed Duvessa
  2768 | D:4      | Noticed Dowan
  2772 | D:4      | XOM: scenery: summon butterflies
  2794 | D:4      | Killed Duvessa
  2794 | D:4      | XOM: divine lightning
  2813 | D:4      | XOM: potion effect (brilliance)
  2822 | D:4      | Killed Dowan
  2970 | D:4      | XOM is BORED!
  2970 | D:4      | XOM: polymorph ribbon worm -> scorpion
  2978 | D:4      | Your scales start taking on a rich purple colour.
  2978 | D:4      | Reached XP level 7. HP: 62/69 MP: 7/7
  3053 | D:4      | XOM: god gift: dark potion {god gift}
  3328 | D:5      | Entered Level 5 of the Dungeon
  3347 | D:5      | Found Vanic's Assorted Antiques.
  3439 | D:5      | XOM: smoke on damage
  3516 | D:5      | XOM: cloud trail
  3598 | D:5      | Reached skill level 5 in Dodging
  3600 | D:5      | Found Xiureohe's Antique Weapon Shop.
  3643 | D:5      | Found Kuppaiw's Weapon Shop.
  3726 | D:5      | Found Zotis's Antique Weapon Boutique.
  3730 | D:5      | Found Ifeets's Antique Armour Shop.
  3759 | D:5      | XOM: divination: detect creatures
  3780 | D:5      | XOM: silly message
  3921 | D:5      | Reached XP level 8. HP: 80/80 MP: 8/8
  4141 | D:6      | XOM: potion effect (haste)
  4149 | D:6      | XOM: potion effect (berserk rage)
  4233 | D:6      | Found a basalt altar of Yredelemnul.
  4327 | D:6      | Noticed an oklob plant
  4470 | D:6      | Found a staircase to the Ecumenical Temple.
  4560 | D:6      | XOM: silly message
  4704 | D:7      | Found an iron altar of Okawaru.
  4793 | D:7      | Reached XP level 9. HP: 67/91 MP: 9/9
  4880 | D:7      | Found an opulent altar of Gozag.
  4882 | D:7      | XOM is BORED!
  4882 | D:7      | XOM: silly message
  4948 | D:7      | XOM: smoke on damage
  5100 | D:7      | XOM: divination: magic mapping
  5194 | D:7      | Found a glowing golden altar of the Shining One.
  5199 | D:7      | Found a snail-covered altar of Cheibriados.
  5203 | D:7      | Found a sacrificial altar of Ru.
  5332 | D:8      | XOM: divination: detect items
  5382 | D:8      | XOM: silly message
  5407 | D:8      | Reached skill level 10 in Fighting
  5474 | D:8      | Found a staircase to the Lair.
  5678 | D:8      | Found a flagged portal.
  5699 | Bailey   | Entered a bailey
  5759 | Bailey   | Noticed a gargoyle
  5769 | Bailey   | XOM: potion effect (might)
  5772 | Bailey   | Killed a gargoyle
  5835 | Bailey   | XOM: silly message
  5885 | Bailey   | XOM is BORED!
  5885 | Bailey   | XOM: silly message
  6113 | D:8      | XOM: potion effect (berserk rage)
  6185 | D:8      | Reached XP level 10. HP: 85/106 MP: 10/10
  6378 | D:8      | Noticed a two-headed ogre
  6390 | D:8      | Killed a two-headed ogre
  6391 | D:8      | Reached skill level 1 in Spellcasting
  6395 | D:8      | Reached skill level 1 in Ice Magic
  6567 | D:8      | XOM: silly message
  6632 | D:8      | Noticed an orange demon
  6633 | D:8      | Noticed Amaemon
  6637 | D:8      | XOM: divination: detect creatures
  6639 | D:8      | Killed an orange demon
  6650 | D:8      | XOM: silly message
  6995 | D:9      | Learned a level 3 spell: Frozen Ramparts
  6999 | D:9      | Learned a level 3 spell: Ozocubu's Armour
  7110 | D:9      | XOM: silly message
  7129 | D:9      | XOM: confusion (+ monsters)
  7150 | D:9      | XOM: enchant monster (bad)
  7515 | D:9      | Noticed a two-headed ogre
  7521 | D:9      | Killed a two-headed ogre
  7522 | D:9      | Reached skill level 5 in Ice Magic
  7668 | D:9      | XOM: swap monsters
  7672 | D:9      | XOM: divination: detect creatures
  7675 | D:9      | XOM: noise
  7978 | D:9      | Found a hazy altar of Hepliaklqana.
  7979 | D:9      | Found a shimmering altar of Xom.
  8143 | D:5      | Bought a pair of distressingly furry gloves for 218 gold
                  | pieces
  8143 | D:5      | Identified the +1 pair of gloves "Karcho" {Regen+} (You
                  | bought it in a shop on level 5 of the Dungeon)
  8178 | D:7      | XOM: give mutations
  8178 | D:7      | Lost mutation: You are robust. (+10% HP) [Xom's mischief]
  8178 | D:7      | Gained mutation: You do not regenerate when monsters are
                  | visible. [Xom's mischief]
  8178 | D:7      | Lost mutation: Your mind is acute. (Int +4, Str/Dex -1)
                  | [Xom's mischief]
  8230 | D:10     | Entered Level 10 of the Dungeon
  8284 | D:10     | Found Muic's Assorted Antiques.
  8302 | D:10     | XOM: cloud trail
  8343 | D:10     | XOM: silly message
  8362 | D:10     | XOM: silly message
  8365 | D:10     | XOM: summons 5 friendly demons
  8384 | D:10     | Identified the ring "Geaquz" {rElec EV+5}
  8472 | D:10     | Found a portal to a secret trove of treasure.
  8487 | Trove    | Entered a treasure trove
  8553 | Trove    | Identified the +1 falchion of the Old World {flame, rPois
                  | Dex+4}
  8557 | Trove    | Got the Reference Book on Blows
  8559 | Trove    | Identified the amulet of Tulips {^Fragile rC++ rN++ Regen+}
  8573 | Trove    | Identified the ring "Pinwo" {Fire rPois Int-3 Dex+6}
  8611 | Trove    | Identified the amulet "Hocuf" {RegenMP rN+ Int+4 Slay-3}
  8619 | Trove    | Identified the +0 chain mail of the Keeping Gods {Harm rN+}
  8621 | Trove    | Identified the ring of the Will of the Gods {Str+3 Dex+6}
  8744 | D:10     | XOM: draining
  8900 | D:10     | Found a staircase to the Orcish Mines.
  8918 | D:10     | Reached XP level 11. HP: 72/101 MP: 14/14
  8956 | D:10     | Found a glowing silver altar of Zin.
  8956 | D:10     | Noticed an angel
  9012 | D:10     | Noticed a two-headed ogre
  9021 | D:10     | Killed a two-headed ogre
  9121 | D:10     | XOM: draining
  9383 | D:8      | XOM: chaos cloud
  9393 | D:8      | XOM: polymorph scorpion -> shapeshifter
  9395 | D:8      | Killed Amaemon
  9591 | D:10     | Bought a pair of runed boots for 285 gold pieces
  9655 | D:11     | XOM: chaos cloud
  9667 | D:10     | Reached skill level 1 in Throwing
  9745 | D:11     | XOM: 5-stop teleportation journey
  9800 | D:11     | XOM: 1-stop teleportation journey
  9874 | D:11     | Reached skill level 1 in Evocations
  9910 | D:11     | XOM: confusion
 10049 | D:11     | Noticed a boulder beetle
 10246 | D:11     | Noticed a two-headed ogre
 10258 | D:11     | Killed a two-headed ogre
 10394 | D:11     | Found a burning altar of Makhleb.
 10619 | Lair:1   | Entered Level 1 of the Lair of Beasts
 10658 | Lair:1   | Noticed a spriggan berserker
 10659 | Lair:1   | Noticed a spriggan rider
 10660 | Lair:1   | Noticed Qaf Hyos's ghost (journeyman FeSu)
 10662 | Lair:1   | Noticed a spriggan rider
 10666 | Lair:1   | Found a transporter.
 10667 | Lair:1   | Found a bloodstained altar of Trog.
 10783 | Lair:1   | XOM: cast spell 'Olgreb's Toxic Radiance'
 10838 | Lair:1   | XOM: summons friendly ufetubus
 10847 | Lair:1   | XOM: silly message
 10891 | Lair:1   | XOM: polymorph blink frog -> tarantella
 10893 | Lair:1   | XOM: enchant monster (bad)
 10904 | Lair:1   | Reached skill level 10 in Ice Magic
 10906 | Lair:1   | XOM: summons 10 friendly demons
 10934 | Lair:1   | Reached skill level 5 in Evocations
 10996 | Lair:1   | XOM: cleaving
 11024 | Lair:1   | XOM: give mutation
 11024 | Lair:1   | Gained mutation: You possess an exceptional clarity of
                  | mind. [Xom's mischief]
 11149 | Lair:1   | XOM: 1-stop teleportation journey
 11201 | Lair:1   | Found a transporter.
 11204 | Lair:1   | XOM: give mutations
 11204 | Lair:1   | Gained mutation: You are occasionally teleported next to
                  | monsters. [Xom's mischief]
 11204 | Lair:1   | Gained mutation: Your tail ends in a sharp venomous barb.
                  | [Xom's mischief]
 11204 | Lair:1   | Lost mutation: You do not regenerate when monsters are
                  | visible. [Xom's mischief]
 11204 | Lair:1   | Gained mutation: You have sharp toenails. [Xom's mischief]
 11372 | Lair:1   | Reached skill level 1 in Shapeshifting
 11427 | Lair:2   | Reached skill level 2 in Shapeshifting
 11427 | Lair:2   | Reached XP level 12. HP: 112/112 MP: 12/18
 11461 | Lair:2   | XOM: enchant monster (bad)
 11518 | Lair:2   | Reached skill level 3 in Shapeshifting
 11582 | Lair:2   | Found a shimmering altar of Xom.
 11630 | Lair:2   | Reached skill level 4 in Shapeshifting
 11669 | Lair:2   | XOM: potion effect (attraction)
 11671 | Lair:2   | XOM: summons friendly shadow imp
 11673 | Lair:2   | XOM: 1-stop teleportation journey
 11687 | Lair:2   | XOM: scenery: summon butterflies
 11715 | Lair:2   | Reached skill level 5 in Shapeshifting
 11747 | Lair:2   | XOM: confuse monster(s)
 11977 | Lair:2   | XOM: 8-stop teleportation journey
 11980 | Lair:2   | XOM: cleaving
 11996 | Lair:2   | Reached skill level 6 in Shapeshifting
 12087 | Lair:2   | XOM: summons friendly shadow imp
 12089 | Lair:2   | XOM: fog
 12099 | Lair:2   | XOM: scenery: create altars
 12107 | Lair:2   | XOM: cast spell 'Discord'
 12110 | Lair:2   | Reached skill level 7 in Shapeshifting
 12212 | Lair:2   | XOM: god gift: 22 gold pieces
 12326 | Lair:2   | XOM: god gift: Xom's Last Almanac of the Hierophant {god
                  | gift}
 12327 | Lair:2   | Got Xom's Last Almanac of the Hierophant {god gift}
 12583 | Lair:3   | XOM: give mutations
 12583 | Lair:3   | Gained mutation: You have razor-sharp toenails. [Xom's
                  | grace]
 12583 | Lair:3   | Gained mutation: You have a pair of small horns on your
                  | head. [Xom's grace]
 12583 | Lair:3   | Gained mutation: You are covered in fur. (AC +1) [Xom's
                  | grace]
 12597 | Lair:3   | Reached skill level 8 in Shapeshifting
 12601 | Lair:3   | Noticed a four-headed hydra
 12601 | Lair:3   | XOM: 1-stop teleportation journey
 12613 | Lair:3   | XOM: swap monsters
 12747 | Lair:3   | Reached skill level 9 in Shapeshifting
 12852 | Lair:3   | Found a staircase to the Shoals.
 12939 | Lair:3   | Killed a four-headed hydra
 13081 | Lair:3   | Noticed a death yak
 13093 | Lair:3   | Killed a death yak
 13121 | Lair:3   | Reached skill level 10 in Shapeshifting
 13136 | Lair:3   | Noticed a death yak
 13142 | Lair:3   | Noticed a death yak
 13143 | Lair:3   | Noticed a death yak
 13144 | Lair:3   | XOM: cast spell 'Iskenderun's Battlesphere'
 13147 | Lair:3   | Noticed a death yak
 13153 | Lair:3   | Killed a death yak
 13153 | Lair:3   | Noticed a death yak
 13154 | Lair:3   | Reached XP level 13. HP: 118/118 MP: 10/19
 13467 | Lair:3   | XOM: god gift: scroll labelled QUVEPU MOXOYNT {god gift}
 13486 | Lair:3   | Found a staircase to the Snake Pit.
 13699 | Lair:4   | Reached skill level 5 in Spellcasting
 13744 | Lair:4   | XOM: cast spell 'Summon Small Mammal'
 13864 | Lair:4   | XOM: cloud trail
 13897 | Lair:4   | Found a staircase to the Slime Pits.
 13983 | Lair:4   | XOM: cast spell 'Leda's Liquefaction'
 14014 | Lair:4   | XOM: potion effect (berserk rage)
 14475 | Lair:5   | Entered Level 5 of the Lair of Beasts
 14621 | Lair:5   | XOM: potion effect (haste)
 14624 | Lair:5   | XOM: enchant monster (good)
 14636 | Lair:5   | XOM: cast spell 'Summon Hydra'
 14938 | Lair:5   | XOM: destruction
 14954 | Lair:5   | XOM: 1-stop teleportation journey
 14981 | Lair:5   | XOM: swap monsters
 14999 | Lair:5   | XOM: enchant monster (bad)
 15008 | Lair:5   | XOM: polymorph komodo dragon -> glowing orange brain
 15031 | Lair:5   | XOM: 1-stop teleportation journey
 15068 | Lair:5   | XOM: stat loss: -1 Str (18/19)
 15139 | Lair:5   | Reached XP level 14. HP: 127/127 MP: 23/23
 15212 | Lair:5   | Reached skill level 10 in Dodging
 15352 | Lair:5   | XOM: silly message
 15562 | Lair:5   | Learned a level 2 spell: Blink
 15634 | Lair:5   | Reached skill level 1 in Translocations
 15655 | Lair:5   | XOM: polymorph death yak -> wolf spider
 15659 | Lair:5   | XOM: summons friendly ufetubus
 15933 | Lair:1   | XOM: confuse monster(s)
 15935 | Lair:1   | Killed Qaf Hyos's ghost
 16053 | D:10     | Bought a puce potion for 34 gold pieces
 16053 | D:10     | Bought a blue potion for 34 gold pieces
 16053 | D:10     | Bought a scroll labelled BAOJOQ BOWE for 38 gold pieces
 16149 | D:5      | Bought 2 scrolls labelled ZEIPE AWI RYE for 68 gold pieces
 16346 | D:12     | XOM: destruction
 16579 | D:12     | Identified the +6 long sword of the Arena {protect,
                  | ^Fragile Dex+6}
 16621 | D:12     | Found a runed translucent gate.
 16622 | D:12     | Found a runed translucent gate.
 16623 | D:12     | Found a runed translucent gate.
 16624 | D:12     | Noticed Caerwyn's ghost (journeyman DrSh)
 16749 | D:12     | XOM: cloud trail
 17042 | D:13     | Noticed Snorg
 17050 | D:13     | XOM: polymorph Snorg -> Snorg
 17051 | D:13     | Killed Snorg
 17287 | D:13     | XOM: scenery: create altars
 17410 | D:13     | XOM: god gift: chain mail {god gift}
 17414 | D:13     | XOM: fog
 17646 | D:13     | XOM: god gift: pair of gloves {god gift}
 18049 | D:13     | XOM: give mutation
 18049 | D:13     | Gained mutation: You are somewhat resistant to both further
                  | mutation and mutation removal. [Xom's grace]
 18190 | D:10     | XOM: give mutations
 18190 | D:10     | Lost mutation: You are covered in fur. (AC +1) [Xom's
                  | mischief]
 18190 | D:10     | Lost mutation: You are somewhat resistant to both further
                  | mutation and mutation removal. [Xom's mischief]
 18190 | D:10     | Gained mutation: You are agile. (Dex +4, Str/Int -1) [Xom's
                  | mischief]
 18190 | D:10     | Lost mutation: You possess an exceptional clarity of mind.
                  | [Xom's mischief]
 18226 | Orc:1    | Entered Level 1 of the Orcish Mines
 18252 | Orc:1    | Reached skill level 1 in Shields
 18342 | Orc:1    | Found Qul Xea's Antique Armour Emporium.
 18350 | Orc:1    | Noticed Erica
 18357 | Orc:1    | Killed Erica
 18475 | Orc:1    | XOM: divination: detect items
 18602 | Orc:1    | XOM: give mutations
 18602 | Orc:1    | Lost mutation: You are somewhat resistant to further
                  | mutation. [Xom's mischief]
 18602 | Orc:1    | Gained mutation: Your magical capacity is low. (-10% MP)
                  | [Xom's mischief]
 18602 | Orc:1    | Lost mutation: You are agile. (Dex +4, Str/Int -1) [Xom's
                  | mischief]
 18827 | Orc:2    | Entered Level 2 of the Orcish Mines
 18833 | Orc:2    | XOM: divination: detect creatures
 18839 | Orc:2    | XOM: divination: magic mapping
 18848 | Orc:2    | XOM: chaos cloud
 18995 | Orc:2    | Noticed Nessos
 19001 | Orc:2    | XOM: polymorph orc -> brain worm
 19006 | Orc:2    | Noticed an orc warlord
 19006 | Orc:2    | XOM: 1-stop teleportation journey
 19008 | Orc:2    | XOM: enchant monster (bad)
 19018 | Orc:2    | Reached skill level 5 in Shields
 19022 | Orc:2    | Reached skill level 5 in Translocations
 19025 | Orc:2    | Reached XP level 15. HP: 128/138 MP: 16/24
 19029 | Orc:2    | Killed Nessos
 19035 | Orc:2    | XOM: polymorph orc -> howler monkey
 19036 | Orc:2    | XOM: smoke on damage
 19236 | Orc:2    | Found a staircase to the Elven Halls.
 19236 | Orc:2    | XOM: stat loss: -1 Int (10/11)
 19246 | Orc:2    | XOM: give mutations
 19246 | Orc:2    | Gained mutation: You are somewhat resistant to further
                  | mutation. [Xom's mischief]
 19246 | Orc:2    | Gained mutation: You are partially covered in large bone
                  | plates. (SH +4) [Xom's mischief]
 19246 | Orc:2    | Lost mutation: Your magical capacity is low. (-10% MP)
                  | [Xom's mischief]
 19288 | Orc:2    | XOM: polymorph orc sorcerer -> shapeshifter
 19425 | Orc:2    | Found Ifaownec's General Store.
 19426 | Orc:2    | Found Ohenyh's Jewellery Emporium.
 19428 | Orc:2    | Found Ygics's Antique Armour Emporium.
 19428 | Orc:2    | Found Ruk Juy's Antique Weapon Shoppe.
 19688 | D:14     | Found a blossoming altar of Fedhas.
 19732 | D:14     | Noticed Frances
 19756 | D:14     | Killed Frances
 19851 | D:14     | Found a gate to the Vaults.
 19851 | D:14     | XOM: 3-stop teleportation journey
 19961 | D:14     | Reached skill level 15 in Fighting
 20008 | D:14     | XOM: confusion
 20016 | D:14     | XOM: chaos cloud
 20050 | D:14     | XOM: give mutation
 20050 | D:14     | Lost mutation: You are occasionally teleported next to
                  | monsters. [Xom's mischief]
 20081 | D:14     | XOM: silly message
 20113 | D:14     | XOM: potion effect (invisibility)
 20153 | D:14     | XOM: silly message
 20354 | D:14     | XOM: summons 1 hostile demon
 20361 | D:15     | Entered Level 15 of the Dungeon
 20460 | D:15     | Got Ishray's Tome of Obstruction
 20480 | D:15     | Got the Catalogue of the Fjord and Movement
 20510 | D:15     | XOM: enchant monster (bad)
 20532 | D:15     | XOM: chaos upgrade
 20537 | D:15     | XOM: fake destruction
 20538 | D:15     | XOM: noise
 20542 | D:15     | XOM: divination: detect items
 20574 | D:15     | Reached skill level 1 in Short Blades
 20648 | D:15     | XOM: fake destruction
 20701 | D:15     | XOM: summons 3 friendly demons
 20892 | D:15     | Found Ushrau's Assorted Antiques.
 20900 | D:15     | Bought an embroidered cloak for 195 gold pieces
 20914 | D:15     | XOM: scenery: summon butterflies
 20922 | D:15     | XOM: draining
 20949 | D:15     | XOM: divination: detect creatures
 21021 | D:15     | Found a staircase to the Depths.
 21038 | D:15     | XOM: summons friendly quasit
 21194 | D:15     | XOM: scenery: create altars
 21214 | D:15     | Identified the +11 falchion of Jogiluog {freeze, Will+}
 21235 | D:15     | XOM: destruction
 21236 | D:15     | XOM: summons 2 friendly demons
 21243 | D:15     | XOM: scenery: create altars
 21252 | D:15     | XOM: god gift: broad axe {god gift}
 21293 | D:15     | Found an iron altar of Okawaru.
 21820 | D:12     | XOM: fog
 21826 | D:12     | Reached skill level 5 in Short Blades
 21833 | D:12     | XOM: summons 3 friendly demons
 21850 | D:12     | Killed Caerwyn's ghost
 21855 | D:12     | XOM: polymorph crimson imp -> quasit
 21934 | D:11     | XOM: give mutations
 21934 | D:11     | Gained mutation: Your mind is acute. (Int +4, Str/Dex -1)
                  | [Xom's grace]
 21934 | D:11     | Gained mutation: You are mostly covered in large bone
                  | plates. (SH +6) [Xom's grace]
 21934 | D:11     | Gained mutation: Your mind is very acute. (Int +8, Str/Dex
                  | -2) [Xom's grace]
 21991 | D:11     | XOM: divination: magic mapping
 22036 | D:8      | XOM: give mutations
 22036 | D:8      | Gained mutation: You are agile. (Dex +4, Str/Int -1) [Xom's
                  | grace]
 22036 | D:8      | Gained mutation: You are completely covered in large bone
                  | plates. (SH +8) [Xom's grace]
 22036 | D:8      | Gained mutation: You have claws for feet. [Xom's grace]
 22036 | D:8      | Gained mutation: You have a pair of horns on your head.
                  | [Xom's grace]
 22214 | Snake:1  | Entered Level 1 of the Snake Pit
 22235 | Snake:1  | XOM: summons 2 friendly demons
 22248 | Snake:1  | XOM: blink monster(s)
 22249 | Snake:1  | XOM: 1-stop teleportation journey
 22266 | Snake:1  | Reached XP level 16. HP: 144/151 MP: 28/28
 22275 | Snake:1  | XOM: polymorph black mamba -> broodmother
 22414 | Snake:1  | XOM: blink monster(s)
 22423 | Snake:1  | XOM: summons 4 friendly demons
 22454 | Snake:1  | XOM: smoke on damage
 22476 | Snake:1  | You fall into a shaft and drop 1 floor!
 22485 | Snake:2  | XOM: fog
 22487 | Snake:2  | XOM: polymorph naga sharpshooter -> boulder beetle
 22574 | Snake:2  | XOM: scenery: create altars
 22605 | Snake:2  | XOM: enchant monster (good)
 22618 | Snake:2  | XOM: confuse monster(s)
 22626 | Snake:2  | XOM: noise
 22634 | Snake:2  | XOM: chaos upgrade
 22639 | Snake:2  | XOM: divine lightning
 22656 | Snake:2  | XOM: enchant monster (bad)
 22747 | Snake:2  | XOM: stat loss: -1 Str (15/16)
 22809 | Snake:1  | XOM: 4-stop teleportation journey
 22819 | Snake:1  | Reached skill level 10 in Short Blades
 22850 | Snake:1  | XOM: silly message
 22981 | Snake:1  | XOM: torment (92/151 hp)
 23139 | Snake:1  | XOM: silly message
 23359 | Snake:2  | XOM: potion effect (haste)
 23397 | Snake:2  | Identified the ring of Xonoq {Wiz Slay+5 Stlth+}
 23555 | Snake:2  | Identified the +1 pair of gloves of Tomorrow {rElec rPois
                  | rF-}
 23636 | Snake:3  | Noticed Vashnia
 23761 | Snake:3  | Found the +8 storm bow {elec, penet}
 23992 | Snake:3  | XOM: potion effect (might)
 24000 | Snake:3  | Killed Vashnia
 24002 | Snake:3  | XOM: divination: detect creatures
 24143 | Snake:3  | Found Menuin's Jewellery Boutique.
 24750 | Snake:4  | Entered Level 4 of the Snake Pit
 24767 | Snake:4  | Reached XP level 17. HP: 156/156 MP: 29/29
 24772 | Snake:4  | Noticed Saint Roka
 24792 | Snake:3  | XOM: silly message
 24799 | Snake:3  | Killed Saint Roka
 24893 | Snake:4  | Reached skill level 10 in Shields
 25072 | Snake:4  | Identified the serpent talisman of Ignis's Envy {Dex+3
                  | Slay+2}
 25072 | Snake:4  | Noticed Aizul
 25081 | Snake:4  | Killed Aizul
 25125 | Snake:4  | XOM: silly message
 25245 | Snake:4  | XOM: potion effect (haste)
 25255 | Snake:4  | XOM: divination: detect creatures
 25455 | Snake:4  | XOM: silly message
 25532 | Snake:4  | XOM: summons 2 friendly demons
 25540 | Snake:4  | XOM: scenery: create altars
 25599 | Snake:4  | XOM: 3-stop teleportation journey
 26001 | Snake:4  | XOM: fog
 26118 | Snake:4  | Got a serpentine rune of Zot
 26434 | Orc:2    | XOM is BORED!
 26434 | Orc:2    | XOM: noise
 26438 | Orc:2    | Bought the ring "Maeroyhy" {^Contam Fly rElec MP+9 Int+6}
                  | for 784 gold pieces
 26482 | Elf:1    | Entered Level 1 of the Elven Halls
 26508 | Elf:1    | XOM: 2-stop teleportation journey
 26512 | Elf:1    | Found Yrippeeq's Magic Scroll Shop.
 26526 | Elf:1    | XOM is BORED!
 26526 | Elf:1    | Found a crumbling gateway.
 26526 | Elf:1    | Found a glowing silver altar of Zin.
 26526 | Elf:1    | Found a white marble altar of Elyvilon.
 26526 | Elf:1    | Found a glowing golden altar of the Shining One.
 26526 | Elf:1    | XOM: 1-stop teleportation journey
 26534 | Elf:1    | XOM: enchant monster (bad)
 26542 | Elf:1    | XOM: polymorph angel -> ophan
 26556 | Desolati | Entered the Desolation of Salt
 26580 | Desolati | XOM: give mutations
 26580 | Desolati | Lost mutation: You have a pair of horns on your head.
                  | [Xom's mischief]
 26580 | Desolati | Lost mutation: You have a pair of small horns on your head.
                  | [Xom's mischief]
 26650 | Desolati | XOM: blink monster(s)
 26653 | Desolati | Reached skill level 5 in Stealth
 26685 | Desolati | XOM: 1-stop teleportation journey
 26737 | Desolati | Identified the ring of Cangar {rElec rCorr Dex+3}
 26739 | Desolati | Identified the +0 robe of Intercession {Harm rElec rN+++
                  | Dex-4}
 26888 | Desolati | XOM: swap monsters
 26889 | Desolati | XOM: blink monster(s)
 26893 | Desolati | Reached XP level 18. HP: 156/166 MP: 24/30
 26952 | Desolati | XOM: summons 5 hostile demons
 26954 | Desolati | XOM: give mutations
 26954 | Desolati | Gained mutation: You are strong-willed. (Will+) [Xom's
                  | mischief]
 26954 | Desolati | Lost mutation: You are strong-willed. (Will+) [Xom's
                  | mischief]
 26954 | Desolati | Gained mutation: Your health recovers twice as slowly from
                  | being drained. [Xom's mischief]
 26961 | Desolati | XOM: enchant monster (good)
 26967 | Desolati | XOM: swap monsters
 27052 | Desolati | Identified the amulet "Pupuklel" {Acrobat rF+}
 27079 | Desolati | Got Sif Muna's Vellum of the Fulgent Vector
 27090 | Desolati | Got Enginuef's Excursus on Nocuous Ignition
 27097 | Desolati | XOM: give mutations
 27097 | Desolati | Gained mutation: Your muscles are strong. (Str +4, Int/Dex
                  | -1) [Xom's grace]
 27097 | Desolati | Gained mutation: You have a pair of small antennae on your
                  | head. [Xom's grace]
 27216 | Desolati | XOM: 1-stop teleportation journey
 27218 | Desolati | Identified the +6 halberd "Rodullav" {flame, rN+}
 27228 | Desolati | XOM: give mutations
 27228 | Desolati | Lost mutation: Your health recovers twice as slowly from
                  | being drained. [Xom's mischief]
 27228 | Desolati | Lost mutation: Your muscles are strong. (Str +4, Int/Dex
                  | -1) [Xom's mischief]
 27230 | Desolati | XOM: noise
 27241 | Desolati | XOM: summons friendly ufetubus
 27258 | Desolati | XOM: fog
 27285 | Desolati | Got Niofaafe's Compendium of Hexes
 27293 | Desolati | Identified the ring "Pavuew" {rPois rF+ rN+ Will+ Str+4
                  | Int-2}
 27314 | Desolati | XOM: give mutations
 27314 | Desolati | Gained mutation: Your large and strong wings let you fly.
                  | [Xom's mischief]
 27314 | Desolati | Lost mutation: You are agile. (Dex +4, Str/Int -1) [Xom's
                  | mischief]
 27314 | Desolati | Lost mutation: You have a pair of small antennae on your
                  | head. [Xom's mischief]
 27314 | Desolati | Lost mutation: You are completely covered in large bone
                  | plates. (SH +8) [Xom's mischief]
 27315 | Desolati | XOM: divination: detect items
 27318 | Desolati | Identified the ring of Xiuduask {Fire ^Contam rElec rN++
                  | Int+3}
 27447 | Desolati | XOM: blink monster(s)
 27545 | Desolati | XOM: fog
 27571 | Desolati | XOM: cast spell 'Summon Mana Viper'
 27679 | Desolati | Identified the amulet "Xyawo" {Reflect rN++ Str-2 SH+5
                  | Stlth+}
 27704 | Desolati | Identified the +1 helmet of the Gravedigger {rF+}
 27706 | Desolati | Got the Excursus on Topological Heat
 27845 | Desolati | Learned a level 1 spell: Apportation
 27922 | Elf:1    | XOM: divine lightning
 27926 | Elf:1    | Noticed Norris
 27934 | Elf:1    | XOM: potion effect (haste)
 27941 | Elf:1    | Killed Norris
 27954 | Elf:1    | XOM: confuse monster(s)
 27957 | Elf:1    | Reached skill level 5 in Throwing
 27998 | Elf:1    | XOM: summons 2 friendly demons
 28019 | Elf:1    | XOM: scenery: summon butterflies
 28121 | Elf:1    | Reached skill level 5 in Unarmed Combat
 28765 | Elf:2    | Paralysed by an air elemental for 1 turns
 28794 | Elf:2    | Noticed Azrael
 28813 | Elf:2    | XOM: fog
 28824 | Elf:2    | Killed Azrael
 28887 | Elf:2    | XOM: silly message
 28894 | Elf:2    | Reached skill level 10 in Evocations
 28903 | Elf:2    | Found a shimmering altar of Xom.
 28969 | Elf:2    | XOM: noise
 28975 | Elf:2    | Reached skill level 1 in Hexes
 28975 | Elf:2    | Reached skill level 1 in Alchemy
 28978 | Elf:2    | XOM: noise
 29094 | Elf:2    | XOM: noise
 29164 | Elf:2    | Reached XP level 19. HP: 172/172 MP: 31/31
 29179 | Elf:2    | XOM: cast spell 'Fugue of the Fallen'
 29195 | Elf:2    | Found a runed translucent gate.
 29196 | Elf:2    | Found a runed translucent gate.
 29196 | Elf:2    | Found a runed translucent gate.
 29293 | Elf:2    | Noticed Agnes
 29304 | Elf:2    | XOM: cast spell 'Summon Dragon'
 29307 | Elf:2    | Killed Agnes
 29307 | Elf:2    | Noticed Jorgrun
 29323 | Elf:2    | XOM: confusion
 29324 | Elf:2    | XOM: swap monsters
 29325 | Elf:2    | XOM: summons 3 hostile demons
 29328 | Elf:2    | XOM: summons 4 hostile shadow creatures
 29328 | Elf:2    | XOM: smoke on damage
 29358 | Elf:2    | Reached skill level 5 in Hexes
 29364 | Elf:2    | XOM: enchant monster (bad)
 29370 | Elf:2    | XOM: confuse monster(s)
 29394 | Elf:2    | Killed Jorgrun
 29409 | Elf:2    | XOM: confuse monster(s)
 29411 | Elf:2    | XOM: smoke on damage
 29418 | Elf:2    | Reached skill level 5 in Alchemy
 29483 | Elf:2    | XOM: confuse monster(s)
 29562 | Elf:2    | Identified the blade talisman "Addoodghu" {rF++ rCorr SInv}
 29591 | Elf:2    | XOM: potion effect (experience)
 29591 | Elf:2    | Reached XP level 20. HP: 145/180 MP: 32/32
 29592 | Elf:2    | XOM: swap monsters
 29670 | Elf:2    | XOM: cleaving
 29796 | Elf:3    | Entered Level 3 of the Elven Halls
 29840 | Elf:3    | XOM: 1-stop teleportation journey
 29891 | Elf:3    | XOM: scenery: create altars
 29906 | Elf:3    | XOM: summons friendly shadow imp
 30009 | Elf:3    | Identified the +9 flail "Quvonosi" {drain, Dex+3}
 30012 | Elf:3    | XOM: cast spell 'Fugue of the Fallen'
 30173 | Elf:3    | XOM: fake destruction
 30177 | Elf:3    | Paralysed by an air elemental for 1 turns
 30178 | Elf:3    | XOM: scenery: 1 doors open
 30182 | Elf:3    | Reached skill level 10 in Hexes
 30286 | Elf:3    | XOM: give mutation
 30286 | Elf:3    | Lost mutation: Your mind is very acute. (Int +8, Str/Dex
                  | -2) [Xom's mischief]
 30397 | Elf:3    | Paralysed by an air elemental for 1 turns
 30424 | Elf:3    | Found an ancient bone altar of Kikubaaqudgha.
 30504 | Elf:3    | Found a runed translucent door.
 30518 | Elf:3    | XOM: destruction
 30555 | Elf:3    | Learned a level 5 spell: Yara's Violent Unravelling
 30561 | Elf:3    | Learned a level 5 spell: Metabolic Englaciation
 30665 | Elf:3    | Identified the +0 plate armour of the Zebra {rN+++ rCorr
                  | Int+3 Dex-2}
 30734 | Elf:3    | Identified the ring of Batrof {Fly rN+ SInv}
 30909 | Elf:3    | XOM: give mutations
 30909 | Elf:3    | Lost mutation: You are mostly covered in large bone plates.
                  | (SH +6) [Xom's mischief]
 30909 | Elf:3    | Lost mutation: Your large and strong wings let you fly.
                  | [Xom's mischief]
 30909 | Elf:3    | Lost mutation: Your tail ends in a sharp venomous barb.
                  | [Xom's mischief]
 30909 | Elf:3    | Lost mutation: You are somewhat resistant to further
                  | mutation. [Xom's mischief]
 31073 | Orc:2    | Bought a potion of heal wounds for 65 gold pieces
 31224 | Shoals:1 | Entered Level 1 of the Shoals
 31399 | Shoals:1 | XOM: polymorph harpy -> steam dragon
 31635 | Shoals:1 | XOM: silly message
 31848 | Shoals:1 | Found a runed translucent door.
 31861 | Shoals:1 | Found a corrupted altar of Lugonu.
 31883 | Shoals:1 | Found a one-way gate to the infinite horrors of the Abyss.
 32130 | Shoals:2 | XOM: confuse monster(s)
 32192 | Shoals:2 | Identified the ring of Maps {rN+ rCorr MP+9 Slay+5}
 32258 | Shoals:2 | Reached skill level 10 in Stealth
 32416 | Shoals:2 | XOM: give mutations
 32416 | Shoals:2 | Gained mutation: Your muscles are strong. (Str +4, Int/Dex
                  | -1) [Xom's grace]
 32416 | Shoals:2 | Gained mutation: You are robust. (+10% HP) [Xom's grace]
 32416 | Shoals:2 | Gained mutation: You expend magic power (3 MP) to
                  | strengthen your wands. [Xom's grace]
 32639 | Shoals:2 | XOM: cloud trail
 32729 | Shoals:3 | XOM: torment (130/198 hp)
 32789 | Shoals:3 | Reached XP level 21. HP: 206/206 MP: 34/34
 32804 | Shoals:3 | Found Fuh Tushel's Weapon Shop.
 32816 | Shoals:3 | XOM: scenery: summon butterflies
 32817 | Shoals:3 | XOM: polymorph butterfly -> wolf
 33033 | Shoals:3 | XOM: scenery: summon butterflies
 33407 | Shoals:4 | Entered Level 4 of the Shoals
 33462 | Shoals:4 | XOM: fog
 33496 | Shoals:4 | XOM: summons 9 friendly demons
 33528 | Shoals:4 | Reached skill level 10 in Spellcasting
 33625 | Shoals:4 | Paralysed by an air elemental for 1 turns
 33645 | Shoals:4 | Paralysed by an air elemental for 1 turns
 33681 | Shoals:4 | Paralysed by an air elemental for 1 turns
 33684 | Shoals:4 | Paralysed by an air elemental for 1 turns
 33804 | Shoals:4 | Found a shimmering blue altar of Sif Muna.
 33817 | Shoals:4 | Identified the +7 trident of Eternal Vigilance {antimagic,
                  | ^Contam rN++ Str-3 Int+8 SInv}
 33837 | Shoals:4 | Paralysed by an air elemental for 1 turns
 33853 | Shoals:4 | XOM: god gift: Dusty's Catalogue of Violent Movement {god
                  | gift}
 33854 | Shoals:4 | Got Dusty's Catalogue of Violent Movement {god gift}
 34017 | Shoals:4 | XOM: enchant monster (good)
 34047 | Shoals:4 | XOM: enchant monster (bad)
 34053 | Shoals:4 | Got a barnacled rune of Zot
 34486 | D:14     | XOM: noise
 34493 | Vaults:1 | Entered Level 1 of the Vaults
 34546 | Vaults:1 | XOM: polymorph ironbound preserver -> glowing shapeshifter
 34559 | Vaults:1 | XOM: enchant monster (good)
 34611 | Vaults:1 | XOM: summons friendly ufetubus
 34648 | Vaults:1 | XOM: confuse monster(s)
 34765 | Vaults:1 | XOM: 1-stop teleportation journey
 34992 | Vaults:1 | XOM: 2-stop teleportation journey
 35051 | Vaults:1 | XOM: god gift: scroll of fog
 35198 | Vaults:1 | Reached skill level 10 in Throwing
 35199 | Vaults:1 | XOM: enchant monster (bad)
 35202 | Vaults:1 | XOM: summons 16 friendly demons
 35208 | Vaults:1 | XOM: divination: magic mapping
 35217 | Vaults:1 | XOM: cast spell 'Summon Mana Viper'
 35280 | Vaults:1 | XOM: cast spell 'Fugue of the Fallen'
 35285 | Vaults:1 | XOM: divine lightning
 35606 | Vaults:2 | Identified the death talisman of Courage {+Blink Int+3}
 35663 | Vaults:2 | XOM: cleaving
 35904 | Vaults:2 | Learned a level 4 spell: Olgreb's Toxic Radiance
 35909 | Vaults:2 | Learned a level 4 spell: Ignite Poison
 35920 | Vaults:2 | XOM: confusion (+ monsters)
 35957 | Vaults:2 | Reached skill level 1 in Fire Magic
 35978 | Vaults:2 | XOM: polymorph yaktaur -> eye of devastation
 36026 | Vaults:2 | XOM: chaos upgrade
 36051 | Vaults:2 | XOM: enchant monster (good)
 36067 | Vaults:2 | Reached XP level 22. HP: 214/214 MP: 36/36
 36117 | Vaults:2 | XOM: repel stairs
 36533 | Vaults:2 | Reached skill level 5 in Fire Magic
 36653 | Vaults:2 | XOM: blink monster(s)
 36983 | Vaults:3 | XOM: give mutations
 36983 | Vaults:3 | Gained mutation: Your flesh is heat resistant. (rF+) [Xom's
                  | mischief]
 36983 | Vaults:3 | Lost mutation: You expend magic power (3 MP) to strengthen
                  | your wands. [Xom's mischief]
 36983 | Vaults:3 | Lost mutation: You are robust. (+10% HP) [Xom's mischief]
 36989 | Vaults:3 | XOM: 1-stop teleportation journey
 36993 | Vaults:3 | Reached skill level 10 in Alchemy
 36997 | Vaults:3 | XOM: chaos cloud
 37048 | Vaults:3 | XOM: fog
 37232 | Vaults:3 | XOM: polymorph vault sentinel -> quicksilver ooze
 37236 | Vaults:3 | XOM: divine lightning
 37244 | Vaults:3 | Noticed Bai Suzhen
 37260 | Vaults:3 | Killed Bai Suzhen
 37326 | Vaults:3 | Found a runed translucent door.
 37351 | Vaults:3 | XOM: silly message
 37356 | Vaults:3 | Identified the ring "Gooh" {rF+ rC+ rN+}
 37384 | Vaults:3 | Identified the +9 glaive "Dozeyn" {vamp, *Rage Dex+5 SInv}
 37417 | Vaults:3 | XOM: 4-stop teleportation journey
 37469 | Vaults:3 | XOM: polymorph ironbound frostheart -> glowing shapeshifter
 37528 | Vaults:3 | XOM: give mutations
 37528 | Vaults:3 | Lost mutation: Your tail ends in a venomous barb. [Xom's
                  | mischief]
 37528 | Vaults:3 | Lost mutation: Your mind is acute. (Int +4, Str/Dex -1)
                  | [Xom's mischief]
 37528 | Vaults:3 | Lost mutation: You are partially covered in large bone
                  | plates. (SH +4) [Xom's mischief]
 37738 | Vaults:3 | XOM: chaos upgrade
 37778 | Vaults:3 | Found a staircase to the Crypt.
 37939 | Vaults:4 | XOM: chaos cloud
 37956 | Vaults:4 | XOM: scenery: summon butterflies
 38018 | Vaults:4 | XOM: noise
 38083 | Vaults:4 | Found Xarez's Antique Armour Shop.
 38165 | Vaults:4 | XOM: polymorph deep troll -> tarantella
 38177 | Vaults:4 | XOM: blink monster(s)
 38192 | Vaults:4 | XOM: summons 6 friendly demons
 38203 | Vaults:4 | XOM: scenery: summon butterflies
 38209 | Vaults:4 | Reached skill level 15 in Shields
 38229 | Vaults:4 | XOM: confuse monster(s)
 38398 | Vaults:4 | Found a runed translucent gate.
 38398 | Vaults:4 | Found a runed translucent gate.
 38398 | Vaults:4 | Found a runed translucent gate.
 38398 | Vaults:4 | Noticed Mischaklue's ghost (adept GrFE)
 38417 | Vaults:4 | XOM: divination: detect items
 38484 | Vaults:4 | XOM: 2-stop teleportation journey
 38593 | Vaults:4 | Identified the +7 whip "Caulyiq" {flame, rPois}
 38773 | Vaults:4 | XOM: god gift: pair of boots {god gift}
 38835 | Vaults:4 | Noticed a golden dragon
 38893 | Vaults:4 | XOM: confuse monster(s)
 38894 | Vaults:4 | Killed a golden dragon
 38909 | Vaults:4 | Killed Mischaklue's ghost
 39074 | Vaults:4 | Learned a level 7 spell: Enfeeble
 39121 | Vaults:2 | XOM: give mutations
 39121 | Vaults:2 | Gained mutation: You expend magic power (3 MP) to
                  | strengthen your wands. [Xom's grace]
 39121 | Vaults:2 | Gained mutation: You are somewhat resistant to further
                  | mutation. [Xom's grace]
 39545 | Slime:1  | Entered Level 1 of the Pits of Slime
 39620 | Slime:2  | Reached XP level 23. HP: 186/206 MP: 37/37
 39636 | Slime:3  | XOM: potion effect (brilliance)
 39648 | Slime:3  | XOM: divination: magic mapping
 39668 | Slime:4  | XOM: polymorph slime creature -> sun moth
 39676 | Slime:4  | XOM: summons 1 hostile shadow creature
 39680 | Slime:4  | XOM: divination: detect creatures
 39707 | Slime:5  | Entered Level 5 of the Pits of Slime
 39909 | Slime:5  | Gained mutation: You occasionally shout uncontrollably at
                  | your foes. [a shining eye]
 39967 | Slime:5  | Noticed the Royal Jelly
 39971 | Slime:5  | XOM: blink monster(s)
 39978 | Slime:5  | Killed the Royal Jelly
 40075 | Slime:5  | XOM: enchant monster (bad)
 40149 | Slime:5  | Got a starry gem with 78 turns to spare
 40159 | Slime:5  | Identified the +10 battleaxe "Goblinbane" {venom, rN+}
 40160 | Slime:5  | Identified the +3 battleaxe of Athriwe {spect, *Slow rC+
                  | Str+2 Stlth+}
 40161 | Slime:5  | Got a slimy rune of Zot
 40199 | Slime:5  | Got the Directory of Productive Conjuring
 40223 | Slime:5  | XOM: 3-stop teleportation journey
 40233 | Slime:5  | Lost the starry gem through the power of Zot.
 40269 | Slime:5  | Identified the amulet "Damnydu" {Reflect Int+2 SH+5 SInv}
 40274 | Slime:5  | Identified the ring of the Changing Gods {EV+5 Str+7}
 40280 | Slime:5  | Identified the +1 cloak of Voracious Amelioration {rPois
                  | rF+++ Will++ Str-4} (You found it on level 5 of the Pits of
                  | Slime)
 40281 | Slime:5  | Identified the +3 broad axe of Perversion {protect, Int+9
                  | Dex-5}
 40350 | Slime:4  | XOM: destruction
 40528 | D:8      | XOM: divination: detect items
 40565 | D:11     | XOM: summons 7 hostile demons
 40825 | Vaults:5 | Entered Level 5 of the Vaults
 40830 | Vaults:5 | XOM: destruction
 40845 | Vaults:5 | Noticed a dread lich
 40846 | Vaults:5 | Noticed a dread lich
 40872 | Vaults:5 | Paralysed by something for 3 turns
 40873 | Vaults:5 | Killed a dread lich
 40888 | Vaults:5 | Killed a dread lich
 40908 | Vaults:5 | XOM: scenery: summon butterflies
 41010 | Vaults:5 | Identified the +8 battleaxe "Voevvoda" {heavy, rF+}
 41091 | Vaults:5 | XOM: summons friendly crimson imp
 41093 | Vaults:5 | XOM: cast spell 'Summon Horrible Things'
 41163 | Vaults:5 | XOM: polymorph vault warden -> glowing shapeshifter
 41174 | Vaults:5 | Identified the +11 scimitar of the Lair of Beasts {venom,
                  | *Slow +Blink rC++ Dex+2}
 41191 | Vaults:5 | XOM: potion effect (curing)
 41201 | Vaults:5 | XOM: swap monsters
 41243 | Vaults:5 | Noticed an ancient lich
 41249 | Vaults:5 | XOM: confusion (+ monsters)
 41251 | Vaults:5 | XOM: fake destruction
 41260 | Vaults:5 | Killed an ancient lich
 41370 | Vaults:5 | Noticed an ancient lich
 41376 | Vaults:5 | XOM: scenery: summon butterflies
 41377 | Vaults:5 | XOM: confuse monster(s)
 41381 | Vaults:5 | Killed an ancient lich
 41382 | Vaults:5 | Reached skill level 15 in Hexes
 41382 | Vaults:5 | Reached XP level 24. HP: 138/216 MP: 35/37
 41409 | Vaults:5 | XOM: divination: detect creatures
 41737 | Vaults:5 | Got a silver rune of Zot
 41913 | Vaults:5 | XOM: enchant monster (good)
 41914 | Vaults:5 | Upgraded the game from 0.32-a0-135-g14f8b2e to
                  | 0.32-a0-136-gc02482b
 41949 | Vaults:5 | Noticed an ancient lich
 41950 | Vaults:5 | XOM: cast spell 'Fugue of the Fallen'
 41964 | Vaults:5 | Killed an ancient lich
 42015 | Vaults:5 | Identified the ring "Egalurim" {Fly rF+ MP+9 Str+2 Int-5}
 42180 | Vaults:5 | Learned a level 3 spell: Inner Flame
 42297 | Crypt:1  | Entered Level 1 of the Crypt
 42627 | Crypt:1  | XOM: god gift: scroll of teleportation
 42723 | Crypt:1  | XOM: god gift: 34 gold pieces
 43102 | Crypt:1  | XOM: god gift: 64 gold pieces
 43259 | Crypt:1  | XOM: give mutation
 43259 | Crypt:1  | Gained mutation: A frigid envelope surrounds you and
                  | freezes all who hurt you. [Xom's grace]
 43378 | Crypt:2  | XOM: fog
 43442 | Crypt:2  | XOM: scenery: summon butterflies
 43603 | Crypt:2  | Identified the +1 whip of Nenuj {heavy, Fly rC- rN+ Str+4}
 43620 | Crypt:2  | XOM: destruction
 43823 | Crypt:2  | XOM: summons friendly ice devil
 44080 | Crypt:2  | XOM: god gift: potion of might
 44180 | Crypt:2  | XOM: god gift: 33 gold pieces
 44440 | Crypt:3  | Entered Level 3 of the Crypt
 44451 | Crypt:3  | XOM: scenery: 1 doors close
 44520 | Crypt:3  | XOM: potion effect (might)
 44522 | Crypt:3  | XOM: summons 12 friendly demons
 44610 | Crypt:3  | XOM: give mutations
 44610 | Crypt:3  | Lost mutation: You have claws for feet. [Xom's mischief]
 44610 | Crypt:3  | Lost mutation: You occasionally shout uncontrollably at
                  | your foes. [Xom's mischief]
 44610 | Crypt:3  | Lost mutation: You are somewhat resistant to further
                  | mutation. [Xom's mischief]
 44610 | Crypt:3  | Lost mutation: You have razor-sharp toenails. [Xom's
                  | mischief]
 44829 | Crypt:3  | XOM: summons 2 hostile shadow creatures
 44835 | Crypt:3  | XOM: give mutations
 44835 | Crypt:3  | Gained mutation: Potions are less effective at restoring
                  | your health. [Xom's mischief]
 44835 | Crypt:3  | Lost mutation: You expend magic power (3 MP) to strengthen
                  | your wands. [Xom's mischief]
 44835 | Crypt:3  | Gained mutation: Your magical capacity is low. (-10% MP)
                  | [Xom's mischief]
 44835 | Crypt:3  | Gained mutation: You do not regenerate when monsters are
                  | visible. [Xom's mischief]
 44841 | Crypt:3  | Lost mutation: Potions are less effective at restoring your
                  | health. [potion of mutation]
 44841 | Crypt:3  | Lost mutation: Your magical capacity is low. (-10% MP)
                  | [potion of mutation]
 44841 | Crypt:3  | Gained mutation: Your mind is acute. (Int +4, Str/Dex -1)
                  | [potion of mutation]
 44841 | Crypt:3  | Lost mutation: Your muscles are strong. (Str +4, Int/Dex
                  | -1) [potion of mutation]
 44841 | Crypt:3  | Lost mutation: You do not regenerate when monsters are
                  | visible. [potion of mutation]
 44841 | Crypt:3  | Gained mutation: Your spells are a little harder to cast,
                  | but a little more powerful. [potion of mutation]
 44846 | Crypt:3  | XOM: confusion
 44847 | Crypt:3  | XOM: noise
 44867 | Crypt:3  | XOM: confusion
 44870 | Crypt:3  | XOM: enchant monster (bad)
 44872 | Crypt:3  | XOM: confuse monster(s)
 44884 | Crypt:3  | XOM: swap monsters
 44892 | Crypt:3  | XOM: silly message
 44988 | Crypt:3  | Found an ancient bone altar of Kikubaaqudgha.
 45048 | Crypt:3  | XOM: give mutations
 45048 | Crypt:3  | Gained mutation: Your muscles are strong. (Str +4, Int/Dex
                  | -1) [Xom's mischief]
 45048 | Crypt:3  | Gained mutation: You have a pair of small horns on your
                  | head. [Xom's mischief]
 45048 | Crypt:3  | Gained mutation: You are robust. (+10% HP) [Xom's mischief]
 45048 | Crypt:3  | Lost mutation: Your flesh is heat resistant. (rF+) [Xom's
                  | mischief]
 45146 | Crypt:3  | XOM: 7-stop teleportation journey
 45427 | Crypt:3  | Found a staircase to the Tomb.
 45560 | Crypt:3  | Noticed Jory
 45560 | Crypt:3  | Found the +3 greatsling "Punk" {acid, rCorr}
 45563 | Crypt:3  | XOM: enchant monster (bad)
 45586 | Crypt:3  | Killed Jory
 45635 | Crypt:3  | Identified the +6 plate armour of the Valley {-Cast -Tele
                  | Will++ Dex+8}
 45636 | Crypt:3  | Identified the amulet "Jouklije" {RegenMP Int+3}
 45769 | Crypt:3  | Reached skill level 11 in Shapeshifting
 46081 | D:15     | XOM: god gift: 43 gold pieces
 46210 | Vaults:3 | Identified 3 scrolls of acquirement
 46211 | Vaults:3 | Acquired 604 gold pieces
 46213 | Vaults:3 | Acquired the +2 pair of boots of the Engineer {rC+++}
 46214 | Vaults:3 | Acquired a book of Spectacle
 46356 | D:15     | Bought a potion of resistance for 260 gold pieces
 46356 | D:15     | Bought an ancient rapier for 234 gold pieces
 46356 | D:15     | Identified the +7 rapier of Destiny {flame, Int+4 Dex-2}
                  | (You bought it in a shop on level 15 of the Dungeon)
 46356 | D:15     | Bought a scroll of revelation for 195 gold pieces
 46356 | D:15     | Bought a wand of light (3) for 327 gold pieces
 46415 | D:15     | XOM: give mutations
 46415 | D:15     | Gained mutation: Your flesh is cold resistant. (rC+) [Xom's
                  | mischief]
 46415 | D:15     | Gained mutation: You have a pair of horns on your head.
                  | [Xom's mischief]
 46415 | D:15     | Lost mutation: Your spells are a little harder to cast, but
                  | a little more powerful. [Xom's mischief]
 46415 | D:15     | Lost mutation: A frigid envelope surrounds you and freezes
                  | all who hurt you. [Xom's mischief]
 46457 | Depths:1 | Entered Level 1 of the Depths
 46463 | Depths:1 | Found a shadowy altar of Dithmenos.
 46494 | Depths:1 | Reached XP level 25. HP: 246/246 MP: 39/39
 46496 | Depths:1 | XOM: divination: detect items
 46578 | Depths:1 | XOM: confuse monster(s)
 46593 | Depths:1 | Found Ujaereed's Antique Weapon Shoppe.
 46602 | Depths:1 | Found Cefrasky's Assorted Antiques.
 46602 | Depths:1 | Found Synak's Antique Armour Emporium.
 46603 | Depths:1 | XOM: confuse monster(s)
 46613 | Depths:1 | Found Beneded's Armour Emporium.
 46620 | Depths:1 | Reached skill level 12 in Shapeshifting
 46631 | Depths:1 | Bought a heavily runed troll leather armour for 820 gold
                  | pieces
 46631 | Depths:1 | Identified the +0 troll leather armour of Sumpew {rPois
                  | Will- Regen+ Str-4 Int+5 Stlth+} (You bought it in a shop
                  | on level 1 of the Depths)
 46691 | Depths:1 | Found a shimmering blue altar of Sif Muna.
 46795 | Depths:1 | XOM: 6-stop teleportation journey
 46847 | Depths:1 | Found a one-way gate leading to the halls of Pandemonium.
 46926 | Depths:1 | Found a gateway to Hell.
 47140 | Depths:1 | XOM: summons 2 hostile shadow creatures
 47250 | Depths:2 | XOM: polymorph stone giant -> frost giant
 47252 | Depths:2 | You fall into a shaft and drop 2 floors!
 47252 | Depths:4 | Entered Level 4 of the Depths
 47274 | Depths:4 | Found a one-way gateway to a ziggurat.
 47291 | Depths:4 | Reached skill level 13 in Shapeshifting
 47331 | Depths:4 | XOM: torment (161/246 hp)
 47454 | Depths:4 | XOM: summons friendly white imp
 47470 | Depths:4 | XOM: confusion (+ monsters)
 47471 | Depths:4 | XOM: god gift: 42 gold pieces
 47501 | Depths:4 | Found Woviunk's General Store.
 47507 | Depths:4 | Bought a scroll of teleportation for 72 gold pieces
 47507 | Depths:4 | Bought a wand of roots (5) for 288 gold pieces
 47507 | Depths:4 | Bought a scroll of immolation for 96 gold pieces
 47546 | Depths:4 | XOM: potion effect (brilliance)
 47792 | Depths:4 | Found a gate to the Realm of Zot.
 47803 | Depths:4 | Reached skill level 14 in Shapeshifting
 47860 | Depths:4 | Got a midnight gem with 1684 turns to spare
 47985 | Depths:3 | Noticed Margery
 47992 | Depths:3 | XOM: fog
 47993 | Depths:3 | Killed Margery
 48023 | Depths:3 | XOM: scenery: 1 doors open
 48080 | Depths:3 | Reached skill level 15 in Shapeshifting
 48085 | Depths:3 | XOM: scenery: summon butterflies
 48107 | Depths:3 | XOM: god gift: staff of conjuration
 48138 | Depths:3 | Identified the +2 flail of the Ancients {spect, rC- Will++
                  | SInv}
 48144 | Depths:3 | XOM: 3-stop teleportation journey
 48153 | Depths:3 | XOM: give mutations
 48153 | Depths:3 | Gained mutation: Your tail ends in a venomous barb. [Xom's
                  | grace]
 48153 | Depths:3 | Gained mutation: Your muscles are very strong. (Str +8,
                  | Int/Dex -2) [Xom's grace]
 48153 | Depths:3 | Gained mutation: You passively dampen the noise of your
                  | surroundings. [Xom's grace]
 48153 | Depths:3 | Gained mutation: Your spells are a little harder to cast,
                  | but a little more powerful. [Xom's grace]
 48200 | Depths:3 | XOM: summons 12 friendly demons
 48205 | Depths:3 | Identified the +5 flail of Juamir {flame, Fly rCorr Str-3}
 48295 | Depths:3 | XOM: summons friendly ufetubus
 48298 | Depths:3 | Gained mutation: You are clumsy. (Dex -2) [a shining eye]
 48305 | Depths:3 | Reached skill level 16 in Shapeshifting
 48386 | Depths:3 | Identified the ring of Wydwat {Ice Str+2 Int+3 Dex+3}
 48386 | Depths:3 | Noticed Josephina
 48390 | Depths:3 | XOM: confuse monster(s)
 48398 | Depths:3 | Killed Josephina
 48938 | Depths:2 | Found an ancient bone altar of Kikubaaqudgha.
 49021 | Depths:2 | Found a burning altar of Makhleb.
 49109 | Depths:2 | XOM: fog
 49115 | Depths:2 | Reached skill level 17 in Shapeshifting
 49158 | Depths:2 | Found an iron altar of Okawaru.
 49214 | Depths:2 | XOM: divine lightning
 49216 | Depths:2 | Reached XP level 26. HP: 255/255 MP: 39/39
 49216 | Depths:2 | XOM: divination: magic mapping
 49251 | Depths:2 | Found a hide-covered altar of Uskayaw.
 49298 | Depths:2 | XOM: divine lightning
 49312 | Depths:2 | XOM: god gift: +1 pair of boots of rampaging
 49339 | Depths:2 | Reached skill level 18 in Shapeshifting
 49362 | Depths:2 | XOM: summons 11 friendly demons
 49429 | Depths:2 | XOM: scenery: 3 doors open
 49530 | Depths:2 | XOM: god gift: wand of light (4)
 49565 | Depths:2 | Identified the +5 demon whip of the Boiling Point {flame,
                  | rN+}
 49585 | Depths:2 | Identified the +8 orcbow "Resuq" {freeze, Will++ rCorr
                  | Int+3}
 49661 | Depths:2 | Lost the midnight gem through the power of Zot.
 49723 | Depths:2 | Reached skill level 19 in Shapeshifting
 49967 | Depths:3 | Voluntarily entered the Abyss.
 49983 | Abyss:1  | Found a corrupted altar of Lugonu.
 50026 | Abyss:2  | Found a corrupted altar of Lugonu.
 50108 | Abyss:3  | XOM: summons 5 friendly demons
 50110 | Abyss:3  | XOM: fog
 50139 | Abyss:3  | Paralysed by accursed screaming for 2 turns
 50161 | Abyss:3  | Got an abyssal rune of Zot
 50226 | Abyss:4  | XOM: stealth player
 50237 | Abyss:4  | Found a corrupted altar of Lugonu.
 50240 | Depths:3 | Escaped the Abyss
 50745 | Depths:4 | Identified the +1 quick blade of the Thirteen Violins
                  | {heavy, *Slow +Blink rPois Str+9} (Xom gifted it to you on
                  | level 4 of the Depths)
 50745 | Depths:4 | XOM: god gift: +1 quick blade of the Thirteen Violins
                  | {chaos, *Slow +Blink rPois Str+9}
 50829 | Zot:1    | Entered Level 1 of the Realm of Zot
 50984 | Zot:1    | XOM: summons friendly white imp
 50990 | Zot:1    | XOM: divination: detect items
 50996 | Zot:1    | XOM: divination: detect creatures
 50999 | Zot:1    | XOM: cleaving
 51005 | Zot:1    | XOM: scenery: summon butterflies
 51157 | Zot:1    | Reached skill level 20 in Shapeshifting
 51269 | Zot:1    | XOM: god gift: leather armour {god gift}
 51424 | Zot:1    | Found a large runed translucent door.
 51425 | Zot:1    | Found a large runed translucent door.
 51431 | Zot:1    | Noticed Jyfueq's ghost (master GrHu)
 51520 | Zot:1    | Killed Jyfueq's ghost
 51558 | Zot:1    | XOM: blink monster(s)
 51626 | Zot:1    | Found a blossoming altar of Fedhas.
 51667 | Zot:1    | Identified the +3 dagger of Vomefom {speed, rF+++ rC- rN+++
                  | Int-2}
 51672 | Zot:1    | Identified the amulet "Ixiyts" {Faith Harm rElec rPois rC-}
 51833 | Zot:2    | Found a transporter.
 52115 | Zot:2    | Found a transporter.
 52117 | Zot:2    | Noticed a dread lich
 52119 | Zot:2    | Noticed Plog's ghost (master TrFi)
 52176 | Zot:2    | Reached skill level 21 in Shapeshifting
 52494 | Zot:2    | XOM: summons friendly shadow imp
 52530 | Zot:2    | XOM: summons 10 hostile demons
 52547 | Zot:2    | XOM: noise
 52556 | Zot:2    | XOM: polymorph wandering mushroom -> shambling mangrove
 52648 | Zot:2    | Killed a dread lich
 52650 | Zot:2    | XOM: confusion
 52653 | Zot:2    | XOM: enchant monster (bad)
 52655 | Zot:2    | XOM: enchant monster (bad)
 52752 | Zot:2    | XOM: polymorph shadow dragon -> golden dragon
 52753 | Zot:2    | Killed Plog's ghost
 52766 | Zot:2    | XOM: divination: magic mapping
 52778 | Zot:2    | Identified the ring "Opuite" {^Drain rF+ EV+5 Dex+5 SInv}
 52810 | Zot:3    | Reached XP level 27. HP: 261/261 MP: 39/39
 52868 | Zot:3    | XOM: smoke on damage
 52941 | Zot:3    | Reached skill level 22 in Shapeshifting
 53063 | Zot:3    | Noticed an orb of fire
 53073 | Zot:3    | Killed an orb of fire
 53156 | Zot:3    | You fall into a shaft and drop 1 floor!
 53460 | Zot:3    | XOM: torment (171/261 hp)
 53592 | Zot:3    | Noticed a dread lich
 53594 | Zot:3    | Noticed a dread lich
 53602 | Zot:3    | Noticed a dread lich
 53609 | Zot:3    | XOM: summons friendly crimson imp
 53612 | Zot:3    | Killed a dread lich
 53614 | Zot:3    | Killed a dread lich
 53621 | Zot:3    | Killed a dread lich
 53627 | Zot:3    | Reached skill level 23 in Shapeshifting
 53670 | Zot:3    | Identified the +0 spear of Causality {heavy, rC+}
 53816 | Zot:3    | XOM: enchant monster (good)
 54035 | Zot:4    | XOM: enchant monster (bad)
 54116 | Zot:4    | XOM: confusion (+ monsters)
 54119 | Zot:4    | XOM: swap monsters
 54179 | Zot:4    | XOM: chaos cloud
 54195 | Zot:4    | XOM: polymorph purple draconian -> sphinx
 54804 | Zot:4    | XOM: noise
 54983 | Pan      | Entered Pandemonium
 54983 | Pan      | XOM: destruction
 55034 | Pan      | Identified the +9 trident of Kismet {vamp, rElec rPois}
 55077 | Pan      | Reached skill level 15 in Dodging
 55142 | Pan      | XOM: chaos cloud
 55152 | Pan      | XOM: enchant monster (good)
 55185 | Pan      | Found a glowing silver altar of Zin.
 55205 | Pan      | XOM: enchant monster (bad)
 55215 | Pan      | XOM: confusion
 55376 | Pan      | XOM: stat loss: -1 Dex (10/11)
 55483 | Pan      | XOM: silly message
 55515 | Pan      | Found a white marble altar of Elyvilon.
 55549 | Pan      | XOM: confuse monster(s)
 55707 | Abyss:4  | Cast into level 4 of the Abyss (Xom)
 55768 | Pan      | Escaped the Abyss
 55947 | Pan      | XOM: blink monster(s)
 55961 | Pan      | XOM: swap monsters
 55997 | Pan      | Noticed a seraph
 56000 | Pan      | Found a glowing golden altar of the Shining One.
 56006 | Pan      | Killed a seraph
 56008 | Pan      | XOM: swap monsters
 56046 | Pan      | Got a demonic rune of Zot
 56053 | Pan      | Identified the +2 ring mail of the Shoals {rC- Regen+ Str+2
                  | Dex+3}
 56060 | Pan      | Identified the staff "Basijif" {Fly Earth}
 56086 | Pan      | XOM: stat loss: -1 Dex (10/11)
 56190 | Pan      | XOM: noise
 56553 | Pan      | XOM: summons 10 friendly demons
 56554 | Pan      | XOM: smoke on damage
 56557 | Pan      | XOM: noise
 56566 | Pan      | XOM: summons friendly iron imp
 56580 | Pan      | XOM: confuse monster(s)
 56589 | Pan      | XOM: confuse monster(s)
 56763 | Pan      | XOM: enchant monster (good)
 56993 | Pan      | XOM: potion effect (brilliance)
 57171 | Pan      | Entered the realm of Lom Lobon.
 57359 | Pan      | Found an exit through the horrors of the Abyss.
 57505 | Pan      | XOM: potion effect (attraction)
 57509 | Pan      | XOM: destruction
 57549 | Pan      | XOM: destruction
 57631 | Pan      | Noticed Lom Lobon
 57646 | Pan      | Killed Lom Lobon
 57652 | Pan      | Got a magical rune of Zot
 57693 | Pan      | XOM: noise
 57703 | Pan      | XOM: enchant monster (good)
 57748 | Pan      | Found a runed translucent door.
 57756 | Pan      | XOM: enchant monster (good)
 57829 | Pan      | Found an exit through the horrors of the Abyss.
 57831 | Pan      | Noticed Ufigirgho the pandemonium lord
 57838 | Pan      | XOM: confusion (+ monsters)
 57842 | Pan      | Noticed Mennas
 57850 | Pan      | XOM: divination: detect creatures
 57851 | Pan      | Killed Ufigirgho the pandemonium lord
 57891 | Pan      | XOM: divination: detect items
 57943 | Pan      | Identified the +0 buckler of the Loofah {rPois}
 58030 | Pan      | XOM: divination: detect creatures
 58050 | Pan      | Noticed Qachiw the pandemonium lord
 58084 | Pan      | XOM: cloud trail
 58158 | Pan      | XOM: noise
 58240 | Pan      | Entered the realm of Gloorx Vloq.
 58252 | Pan      | XOM: stat loss: -1 Dex (10/11)
 58281 | Pan      | Reached skill level 15 in Stealth
 58370 | Pan      | XOM: enchant monster (good)
 58376 | Pan      | XOM: summons 7 friendly demons
 58386 | Pan      | Noticed Gloorx Vloq
 58397 | Pan      | XOM: divination: detect creatures
 58402 | Pan      | XOM: cleaving
 58405 | Pan      | Killed Gloorx Vloq
 58505 | Pan      | Got a dark rune of Zot
 58515 | Pan      | XOM: enchant monster (good)
 58523 | Pan      | XOM: cloud trail
 58610 | Pan      | XOM: divination: detect items
 58692 | Pan      | Reached skill level 24 in Shapeshifting
 58700 | Pan      | Identified the +1 robe of Parts Unknown {Harm rF+ Str-3}
 58776 | Pan      | Entered the realm of Cerebov.
 58855 | Pan      | XOM: enchant monster (bad)
 58895 | Pan      | Found the +6 sword of Cerebov {flame}
 58895 | Pan      | Noticed Cerebov
 58909 | Pan      | XOM: summons 5 hostile demons
 58982 | Pan      | Killed Cerebov
 59013 | Pan      | Got a fiery rune of Zot
 59041 | Pan      | XOM: 1-stop teleportation journey
 59065 | Pan      | XOM: noise
 59186 | Pan      | Identified the +6 flail "Vyvoddu" {speed, Will+ Int+3
                  | Dex+2}
 59223 | Pan      | Identified the +4 morningstar of Dullness {antimagic,
                  | Int+6}
 59224 | Pan      | Identified the +8 morningstar "Kaedwih" {holy, rElec rF-
                  | rC+ rN+}
 59302 | Pan      | Identified the amulet "Watusun" {Faith MP-9 Dex+4}
 59328 | Pan      | Identified the +3 dire flail "Giantslayer" {heavy, *Rage
                  | Str-3 Int+4 Dex+8}
 59332 | Pan      | Got the Parchment of Skeletons and Ashes
 59338 | Pan      | Identified the +11 flail "Xadwelusk" {flame, Fly MP+9 Dex+2
                  | Stlth+}
 59545 | Pan      | Identified the +6 plate armour of Pathos {rF+}
 59608 | Pan      | Reached skill level 25 in Shapeshifting
 59616 | Pan      | XOM: confusion
 59654 | Pan      | XOM: chaos cloud
 59698 | Pan      | Got Potsowiq's Everyday Mysticism
 59738 | Pan      | XOM: potion effect (haste)
 59819 | Pan      | Entered the realm of Mnoleg.
 59823 | Pan      | XOM: scenery: 1 doors open
 59862 | Pan      | XOM: cleaving
 59867 | Pan      | Noticed Mnoleg
 59928 | Pan      | XOM: destruction
 59954 | Pan      | Killed Mnoleg
 59978 | Pan      | XOM: scenery: summon butterflies
 59981 | Pan      | XOM: noise
 59987 | Pan      | XOM: silly message
 59990 | Pan      | XOM: summons 2 friendly demons
 60169 | Pan      | Reached skill level 26 in Shapeshifting
 60174 | Pan      | XOM: swap monsters
 60182 | Pan      | XOM: polymorph demonspawn corrupter -> yak
 60251 | Pan      | Got a glowing rune of Zot
 60501 | Pan      | XOM: 2-stop teleportation journey
 60825 | Pan      | XOM: swap monsters
 61466 | Pan      | Identified the +4 whip "Yza Wuxe" {protect, Int+4}
 61492 | Pan      | Identified the +4 buckler of the Orange Skies {rN+ rCorr
                  | Int-2}
 61497 | Pan      | Noticed Nupin the pandemonium lord
 61504 | Pan      | Noticed Naosiwobb the pandemonium lord
 61504 | Pan      | Found a runed translucent door.
 61508 | Pan      | XOM: cast spell 'Leda's Liquefaction'
 61548 | Pan      | XOM: scenery: summon butterflies
 61713 | Pan      | Noticed Ylaif the pandemonium lord
 61715 | Pan      | XOM: confusion (+ monsters)
 61724 | Pan      | Killed Ylaif the pandemonium lord
 61772 | Depths:4 | Escaped Pandemonium
 61844 | Zig:1    | Entered Level 1 of a ziggurat
 61844 | Zig:1    | Noticed Ishaecreetu the pandemonium lord
 61858 | Zig:1    | Killed Ishaecreetu the pandemonium lord
 61868 | Zig:2    | Entered Level 2 of a ziggurat
 61883 | Zig:2    | Identified the +0 chain mail of Proximity {SInv}
 61886 | Zig:3    | Entered Level 3 of a ziggurat
 61897 | Zig:3    | Paralysed by an air elemental for 1 turns
 61898 | Zig:3    | XOM: blink monster(s)
 61924 | Zig:4    | Entered Level 4 of a ziggurat
 61952 | Zig:5    | Entered Level 5 of a ziggurat
 61977 | Zig:5    | Identified the +2 mace "Waivvic" {heavy, rC+ rN+ Str+9
                  | Dex-3}
 61980 | Zig:5    | Identified the +2 robe of Noughts and Crosses {rElec Str-2
                  | Archmagi}
 61984 | Zig:6    | Entered Level 6 of a ziggurat
 62011 | Zig:6    | XOM: enchant monster (good)
 62026 | Zig:6    | Identified the ring "Odipruac" {rC+ rCorr Str+2}
 62029 | Zig:6    | Identified the +9 halberd of the Arena {protect, MP+9
                  | Stlth+}
 62093 | Zig:6    | XOM: noise
 62164 | Zig:7    | Entered Level 7 of a ziggurat
 62172 | Zig:7    | XOM: cast spell 'Summon Small Mammal'
 62185 | Zig:7    | Paralysed by accursed screaming for 1 turns
 62206 | Zig:7    | Identified the amulet of Mulokke {Regen+ Str+5 SInv}
 62206 | Zig:7    | XOM: 3-stop teleportation journey
 62281 | Zig:8    | Entered Level 8 of a ziggurat
 62287 | Zig:8    | XOM: confuse monster(s)
 62290 | Zig:8    | XOM: enchant monster (good)
 62334 | Zig:8    | Got the Elucidation of Momentum
 62337 | Zig:8    | Identified the +10 scale mail "Kickud" {Will+ Str+5}
 62473 | Zig:9    | Entered Level 9 of a ziggurat
 62479 | Zig:9    | Noticed Ywailist the pandemonium lord
 62504 | Zig:9    | Killed Ywailist the pandemonium lord
 62516 | Zig:9    | XOM: summons friendly crimson imp
 62650 | Zig:9    | Learned a level 8 spell: Discord
 62651 | Zig:10   | Entered Level 10 of a ziggurat
 62788 | Zig:10   | Noticed Tabin the pandemonium lord
 62838 | Zig:10   | Killed Tabin the pandemonium lord
 62839 | Zig:10   | XOM: scenery: create altars
 62843 | Zig:10   | XOM: confuse monster(s)
 62850 | Zig:10   | XOM: enchant monster (good)
 62864 | Zig:10   | Learned a level 3 spell: Hailstorm
 62930 | Zig:10   | XOM: divination: magic mapping
 63017 | Zig:10   | XOM: summons friendly ufetubus
 63090 | Zig:10   | XOM: enchant monster (good)
 63116 | Zig:10   | Identified the staff of Vinawutt {rElec Str-4 Dex+5 Hexes
                  | Earth}
 63194 | Zig:11   | Entered Level 11 of a ziggurat
 63243 | Zig:11   | Identified the +6 hand axe of Starshine {venom, rCorr}
 63251 | Zig:11   | Identified the +3 orcbow of the Ten Continents {freeze,
                  | +Blink}
 63271 | Zig:12   | Entered Level 12 of a ziggurat
 63279 | Zig:12   | XOM: divination: magic mapping
 63281 | Zig:12   | XOM: summons friendly white imp
 63287 | Zig:12   | XOM: 7-stop teleportation journey
 63342 | Zig:12   | Learned a level 4 spell: Vhi's Electric Charge
 63342 | Zig:12   | Identified the +2 long sword "Pyppivea" {speed, Dex+3}
 63345 | Zig:12   | Identified the +6 short sword of Jumyleha {spect, *Slow
                  | rElec rPois rC-}
 63362 | Zig:13   | Entered Level 13 of a ziggurat
 63376 | Zig:13   | Reached skill level 1 in Air Magic
 63383 | Zig:13   | Reached skill level 27 in Shapeshifting
 63439 | Zig:13   | Identified the ring "Piggeano" {rCorr Str+2}
 63442 | Zig:13   | Identified the ring of Heah Tio {Fly rF+ EV+5 Str+3}
 63505 | Zig:14   | Entered Level 14 of a ziggurat
 63555 | Zig:14   | Identified the +3 buckler of the Quick God {rC+}
 63657 | Zig:14   | Identified the ring of Dishonour {rElec rPois rCorr}
 63659 | Zig:14   | Identified the +8 halberd of Vumigekh {flame, Fly rF+
                  | Int+3}
 63660 | Zig:14   | Identified the ring "Qoum" {+Blink rN+ MP+9 SInv}
 63668 | Zig:14   | Identified the +6 shortbow of a bailey {drain, rC+ Int+2
                  | Dex+3}
 63669 | Zig:14   | Identified the +2 cloak of the Blessed Realm {rPois rC-
                  | Int+6 SInv}
 63671 | Zig:14   | Identified the -1 pair of gloves of the Trout {Rampage
                  | rElec Str+3 Int-3}
 63883 | Zot:5    | Entered Level 5 of the Realm of Zot
 63953 | Zot:5    | XOM: polymorph golden dragon -> bunyip
 64018 | Zot:5    | Reached skill level 15 in Spellcasting
 64081 | Zot:5    | XOM: 1-stop teleportation journey
 64212 | Zot:5    | XOM: confuse monster(s)
 64304 | Zot:5    | XOM: summons 12 friendly demons
 64314 | Zot:5    | XOM: summons 3 friendly demons
 64317 | Zot:5    | XOM: divination: magic mapping
 64389 | Zot:5    | XOM: god gift: wand of paralysis (3)
 64419 | Zot:5    | Noticed an orb of fire
 64419 | Zot:5    | Noticed an orb of fire
 64419 | Zot:5    | Noticed an orb of fire
 64419 | Zot:5    | XOM: 2-stop teleportation journey
 64450 | Zot:5    | XOM: confuse monster(s)
 64456 | Zot:5    | XOM: summons friendly ufetubus
 64553 | Zot:5    | Killed an orb of fire
 64655 | Zot:5    | Noticed a dread lich
 64674 | Zot:5    | XOM: summons friendly ufetubus
 64683 | Zot:5    | XOM: fake destruction
 64691 | Zot:5    | Killed a dread lich
 64701 | Zot:5    | XOM: fake destruction
 64711 | Zot:5    | XOM: divination: detect creatures
 64722 | Zot:5    | XOM: cast spell 'Olgreb's Toxic Radiance'
 64726 | Zot:5    | XOM: polymorph snapping turtle -> steelbarb worm
 64754 | Zot:5    | XOM: polymorph Orb Guardian -> fire dragon
 64803 | Zot:5    | XOM: summons 9 friendly demons
 64810 | Zot:5    | Got the Orb of Zot
 64814 | Zot:5    | XOM: confuse monster(s)
 64920 | Zot:1    | XOM: scenery: summon butterflies
 65198 | D:13     | Noticed Sivvolik the pandemonium lord
 65200 | D:13     | XOM: silly message
 65212 | D:13     | XOM: noise
 65219 | D:13     | XOM: noise
 65235 | D:13     | XOM: cast spell 'Summon Small Mammal'
 65244 | D:13     | Killed Sivvolik the pandemonium lord
 65559 | D:$      | Escaped with the Orb!

Illustrated notes

Levels and vault maps discovered:
D:1:      saegor_arrival_simple_d, layout_loops_ring, chequers_mini_garden
D:2:      layout_basic, minmay_tall_x, uniq_crazy_yiuf_cottage
D:3:      layout_basic, kennysheep_boxes
D:4:      layout_loops_cross, uniq_duvessa, uniq_blork_the_orc
D:5:      layout_loops_cross, serial_shops, shop,
          nicolae_shop_just_a_little_nook, shop, shop, shop,
          dreamdust_princess_bridge
D:6:      lemuel_slime, layout_basic, kennysheep_little_box, temple_doors_e,
          wad_floor_pattern_untrapped, minmay_crystal_room
D:7:      layout_rooms, mainiacjoe_overflow_catwalk, grunt_temple_overflow_open
D:8:      layout_basic, lair_entry_dummy, enter_bailey_5,
          minmay_fire_ice_demons, uniq_amaemon
D:9:      layout_roguey [special_room_orc], regret_index_temple_of_mockery,
          minmay_holes
D:10:     layout_loops_ring, zin_angel, orc_0_dummy, serial_shops, shop,
          nicolae_trove_entry_diagonal
D:11:     layout_irregular_city, demons_altar
D:12:     layout_rooms, gammafunk_ghost_necromancy
D:13:     layout_layer_cave, uniq_snorg
D:14:     layout_rooms, david_vaults_2, fedhas_altar_2, uniq_frances
D:15:     hangedman_depths_entry_try_elsewhere_first, layout_basic,
          serial_shops, shop, okawaru_metal_pillars_1_2
Lair:1:   layout_long_grid, gammafunk_ghost_wrathful_warriors
Lair:2:   layout_loops_ring, basic_altar, grunt_megastairs_5
Lair:3:   layout_roguey, elwin_shoals_entry_rocks,
          minmay_snake_entry_guardpost_medium
Lair:4:   layout_cellular_growth, dpeg_slime_entry_enclosed, minivault_26,
          nicolae_lair_lil_pond, infiniplex_staircase_pool_2
Lair:5:   minmay_lair_end_enchanted_forest, layout_cave_pods
Shoals:1: layout_shoals, nicolae_shoals_abyss_on_the_beach
Shoals:2: layout_shoals, nicolae_shoals_seven_spires
Shoals:3: layout_shoals, serial_shops, shop
Shoals:4: shoals_end_hellmonk_storm_palace [storm_palace_center_square,
          storm_palace_corner_altar, storm_palace_corner_reverse_hut,
          storm_palace_corner_grid, storm_palace_corner_narrow]
Snake:1:  layout_basic
Snake:2:  layout_rooms, corexii_hall_statues_t, serial_bayou_pond_c,
          nicolae_coiled_stairwell_down
Snake:3:  layout_basic, minmay_shop_star, uniq_vashnia
Snake:4:  snake_pit_salamanders_mu, layout_cave_town, uniq_saint_roka,
          uniq_aizul
Slime:1:  layout_caves
Slime:2:  nicolae_slime_pool, layout_caves
Slime:3:  layout_caves, uniq_dissolution
Slime:4:  layout_caves, nicolae_slime_phagocytosis
Slime:5:  slime_pit_nicolae_block_by_block
Orc:1:    layout_caves, serial_shops, nicolae_shop_hallway_stairs,
          mines2_lemuel, uniq_erica
Orc:2:    st_orc_congregation, layout_caves, uniq_nessos
Elf:1:    elf_arrival_002, layout_geoelf_diagonals, serial_shops, shop,
          portal_desolation_entry_holy_temple,
          hangedman_elven_crosses_minicolossus, uniq_norris
Elf:2:    nicolae_elf_blades_crystal_corner, layout_geoelf_grid, basic_altar,
          nicolae_elf_crossing_hall, uniq_jorgrun, uniq_agnes, uniq_azrael
Elf:3:    grunt_elf_hall_asides, layout_gridlike, basic_altar,
          small_chamber_with_monster, minivault_13
Vaults:1: ontoclasm_vaults_ring_large, nicolae_vaults_sightless_eye,
          grunt_vaults_swirl, nicolae_vaults_door_testing_chamber,
          nicolae_vaults_heist, nicolae_vaults_little_squares_5,
          vaults_room_grunt_arrival_ludios, layout_vaults_omnicross
Vaults:2: nicolae_vaults_network_star, nicolae_vaults_storage_room_water,
          nicolae_vaults_little_ls, nicolae_vaults_sesquioval_fish,
          vaults_room_large_hall, st_cells, nicolae_vaults_little_squares_6,
          hangedman_vaults_corner, nicolae_vaults_cochlea,
          nicolae_vaults_more_shelving_1, ontoclasm_vaults_fault, v_misc_26,
          layout_vaults_omnibox
Vaults:3: dpeg_vaults_monster_row, nicolae_vaults_trapezoid_2,
          hangedman_vaults_hat, minmay_crypt_entry_vampire_xt,
          nicolae_vaults_bisected_exclaves, hangedman_vaults_locks,
          vaults_mumra_lcd, vaults_mumra_hex, nicolae_vaults_disjoint_gnomons,
          nicolae_vaults_trapezoid_4, nicolae_vaults_trapezoid_lopsided_1,
          nicolae_vaults_little_squares_2, nicolae_vaults_oozy_zoo,
          layout_vaults_maze_snakey, uniq_bai_suzhen
Vaults:4: gammafunk_ghost_split, nicolae_vaults_two_Ls, v_alt_pattern_1,
          nicolae_vaults_network_periphery, vaults_mumra_hexcomb,
          vaults_standard_mumra_x, nicolae_vaults_turnstiles,
          nicolae_vaults_surprise_closet, nicolae_vaults_closet_pinwheel_6,
          layout_vaults_big_room, serial_shops, nicolae_shop_advertising_works
          [nicolae_subvault_shop_adworks]
Vaults:5
Crypt:1:  layout_catacombs
Crypt:2:  layout_catacombs
Crypt:3:  church_of_pain_bobbens, layout_chaotic_city,
          tomb_entry_forgotten_bobbens, nicolae_crypt_little_mausoleum
Depths:1: layout_big_octagon, nicolae_dithmenos_shadow_blocks,
          grunt_mini_vestibule, abyss_entry_glasseish, rand_demon_pan_entry_7,
          led_sif_pool, minmay_shoptagon
Depths:2: grunt_profane_halls [grunt_profane_loot, grunt_profane_temple_coc,
          grunt_profane_temple_tar, grunt_profane_temple_geh,
          grunt_profane_temple_dis], abyss_entry, pan_entry, hell_entry
Depths:3: minmay_the_grid_square_5x5_4x4 [minmay_the_grid_square_5x5_checkered,
          minmay_the_grid_square_5x5_spiral, minmay_the_grid_square_5x5_three,
          minmay_the_grid_square_5x5_tri_point,
          minmay_the_grid_square_5x5_two_walls_b,
          minmay_the_grid_square_5x5_prize_monsterx,
          minmay_the_grid_square_5x5_prize_open,
          minmay_the_grid_square_5x5_almost_minimal,
          minmay_the_grid_square_5x5_minimal,
          minmay_the_grid_square_5x5_prize_junk,
          minmay_the_grid_square_5x5_prize_rear_guard,
          minmay_the_grid_square_5x5_beaten_path,
          minmay_the_grid_square_5x5_minivault,
          minmay_the_grid_square_5x5_percent,
          minmay_the_grid_square_5x5_longway, minmay_the_grid_square_5x5_comb],
          layout_basic, grunt_hell_entry_dis_mu, minmay_misc_feat_diagonals,
          abyss_entry, uniq_josephina, uniq_margery
Depths:4: evilmike_zot_entry_round, layout_gridlike, enter_ziggurat_e,
          serial_shops, nicolae_shop_rolling_square, hell_entry, pan_entry
Zot:1:    layout_misc_corridors, ebering_ghost_disaster_area,
          regret_index_zotdec_decaying_basic, regret_index_zotdec_ceiling_fans,
          st_stairs_5
Zot:2:    layout_gridlike, gammafunk_ghost_mausoleum,
          regret_index_zotdec_misc_clamp
Zot:3:    hellmonk_paralyzer, layout_gridlike,
          regret_index_zotdec_silver_v_v_loose
Zot:4:    layout_misc_corridors
Zot:5:    layout_cathedral_of_symmetry

Skill      XL: |  1  2  3  4  5  6  7  8  9 10 11 12 13 14 15 16 17 18 19 20 21 22 23 24 25 26 27 |
---------------+----------------------------------------------------------------------------------+-----
Unarmed Combat | 4 5 |  5.0
Stealth        | 2 4 7 8 10 12 15 | 15.0
Fighting       | 4 6 7 9 12 14 16 17 18 24 | 24.5
Dodging        | 3 4 5 7 8 9 11 12 13 14 15 | 15.0
Spellcasting   | 2 4 6 8 9 10 12 15 | 15.0
Ice Magic      | 8 10 12 | 12.0
Throwing       | 2 6 12 | 12.0
Evocations     | 6 8 10 | 10.0
Shapeshifting  | 2 10 11 17 21 27 | 27.0
Translocations | 5 6 |  6.0
Shields        | 5 6 9 12 14 15 18 22 | 22.0
Short Blades   | 6 11 14 | 14.0
Hexes          | 3 8 12 15 18 20 | 20.0
Alchemy        | 2 5 8 10 12 | 12.0
Fire Magic     | 3 6 |  6.0
Air Magic      | 4 |  4.0

Action                     |  1- 3 |  4- 6 |  7- 9 | 10-12 | 13-15 | 16-18 | 19-21 | 22-24 | 25-27 || total
---------------------------+-------+-------+-------+-------+-------+-------+-------+-------+-------++-------
  Melee: Unarmed           |   132 |       |       |       |       |       |       |    16 |       ||   148
         Tailslap          |    11 |    24 |    82 |   205 |   416 |   475 |   374 |   779 |  1557 ||  3923
         Punch             |     3 |     9 |    32 |   109 |   113 |       |       |       |       ||   266
         Quick blade       |    22 |   147 |   560 |  1052 |  1648 |  2024 |  1727 |  2633 |  5579 || 15392
         Headbutt          |       |       |       |    36 |   579 |   233 |       |    79 |  2179 ||  3106
         Maw               |       |       |       |     5 |   815 |   867 |   647 |  1229 |  1084 ||  4647
         Kick              |       |       |       |       |    26 |  1009 |   776 |  1634 |  3283 ||  6728
  Throw: Stone             |     3 |     1 |     5 |     9 |     5 |       |       |       |       ||    23
         Dart              |       |       |       |    13 |     6 |     1 |     1 |       |       ||    21
         Throwing net      |       |       |       |     1 |       |       |       |       |       ||     1
         Boomerang         |       |       |       |       |    36 |    59 |    67 |     5 |    57 ||   224
         Javelin           |       |       |       |       |       |       |     2 |       |     2 ||     4
   Cast: Frozen Ramparts   |       |       |       |    55 |    78 |    39 |    19 |    10 |     5 ||   206
         Ozocubu's Armour  |       |       |       |    39 |    42 |    38 |    21 |    11 |    12 ||   163
         Blink             |       |       |       |       |       |     3 |     1 |     7 |     9 ||    20
         Olgreb's Toxic Ra |       |       |       |       |       |       |       |     2 |     4 ||     6
         Ignite Poison     |       |       |       |       |       |       |       |     1 |     6 ||     7
         Apportation       |       |       |       |       |       |       |       |    40 |    24 ||    64
         Yara's Violent Un |       |       |       |       |       |       |       |     5 |    20 ||    25
         Enfeeble          |       |       |       |       |       |       |       |     3 |    32 ||    35
         Hailstorm         |       |       |       |       |       |       |       |       |    12 ||    12
         Discord           |       |       |       |       |       |       |       |       |     6 ||     6
         Inner Flame       |       |       |       |       |       |       |       |       |     2 ||     2
Ability: Breathe Dispellin |       |       |     1 |     5 |     1 |       |     4 |     6 |     3 ||    20
         Evoke Blink       |       |       |       |       |       |       |       |       |     2 ||     2
  Evoke: Wand              |       |       |       |     4 |     9 |     3 |    12 |     6 |     4 ||    38
         Condenser vane    |       |       |       |       |     2 |     1 |       |       |       ||     3
         Lightning rod     |       |       |       |       |       |     4 |       |     2 |       ||     6
         Box of beasts     |       |       |       |       |       |     1 |       |       |       ||     1
         Phantom mirror    |       |       |       |       |       |       |     1 |     2 |     1 ||     4
    Use: Potion            |     1 |       |       |     2 |     1 |     1 |     4 |    12 |    26 ||    47
         Scroll            |       |       |     9 |     7 |     8 |    13 |     7 |    16 |    40 ||   100
   Stab: Sleeping          |     2 |       |     7 |     6 |    10 |    14 |    21 |    61 |    85 ||   206
         Confused          |       |       |       |     3 |     1 |     1 |     4 |    18 |    26 ||    53
         Distracted        |       |       |       |     1 |     1 |     5 |     5 |     4 |    16 ||    32
         Invisible         |       |       |       |       |     6 |       |       |       |     3 ||     9
         Paralysed         |       |       |       |       |     1 |       |       |       |     2 ||     3
         Petrifying        |       |       |       |       |       |       |       |       |     2 ||     2
 Armour: Skin              |    80 |    31 |   164 |   394 |   637 |   409 |   437 |   662 |  1208 ||  4022
  Dodge: Dodged            |    78 |    34 |   222 |   779 |  1237 |   468 |   414 |   547 |   699 ||  4478
  Block: Other             |       |    13 |    63 |    60 |       |       |       |       |       ||   136
         Reflection        |       |       |       |     2 |       |       |       |       |       ||     2
         Buckler           |       |       |       |       |   251 |       |       |       |       ||   251
         Kite shield       |       |       |       |       |   135 |  1204 |   646 |   147 |       ||  2132
         Tower shield      |       |       |       |       |       |       |       |  1132 |  2821 ||  3953
         Form:             |       |     1 |       |       |       |       |       |       |     8 ||     9
         Beast             |       |     1 |       |       |       |       |       |       |       ||     1
         Maw               |       |       |       |     1 |     1 |       |       |       |     2 ||     4
         Serpent           |       |       |       |       |     1 |       |       |       |       ||     1
         Death             |       |       |       |       |       |       |       |       |    10 ||    10

Table legend: (Time is in decaauts)
 A = Elapsed time spent in this place.
 B = Non-inter-level travel time spent in this place.
 C = Inter-level travel time spent in this place.
 D = Time resting spent in this place.
 E = Time spent auto-exploring this place.
 F = Levels seen in this place.
 G = Mean time per level.
                   A        B        C        D        E       F      G
               +--------+--------+--------+--------+--------+-----+--------+
         Total |  63598 |  56840 |   6758 |   1727 |  31787 | 100 |  636.0 |
       Dungeon |  16514 |  13603 |   2911 |    391 |   9024 |  15 | 1100.9 |
          Lair |   6046 |   5337 |    709 |    162 |   3377 |   5 | 1209.2 |
        Shoals |   2914 |   2719 |    195 |     28 |   1928 |   4 |  728.5 |
     Snake Pit |   3958 |   3624 |    334 |     66 |   2425 |   4 |  989.5 |
    Slime Pits |    759 |    695 |     64 |     35 |      0 |   5 |  151.8 |
  Orcish Mines |   1543 |   1302 |    241 |      6 |    882 |   2 |  771.5 |
   Elven Halls |   2950 |   2763 |    187 |     70 |   1605 |   3 |  983.3 |
        Vaults |   6192 |   5425 |    767 |    152 |   3486 |   5 | 1238.4 |
         Crypt |   3737 |   3386 |    351 |     20 |   2500 |   3 | 1245.7 |
        Depths |   4226 |   3690 |    536 |     12 |   2567 |   4 | 1056.5 |
           Zot |   4887 |   4427 |    460 |    269 |   2789 |   5 |  977.4 |
         Abyss |    311 |    311 |      0 |      0 |      0 |   5 |   62.2 |
   Pandemonium |   6108 |   6108 |      0 |    194 |    289 |  23 |  265.6 |
      Ziggurat |   1737 |   1737 |      0 |    221 |    565 |  14 |  124.1 |
         Trove |    156 |    156 |      0 |      0 |     52 |   1 |  156.0 |
        Bailey |    388 |    388 |      0 |     29 |     17 |   1 |  388.0 |
    Desolation |   1166 |   1166 |      0 |     69 |    278 |   1 | 1166.0 |
               +--------+--------+--------+--------+--------+-----+--------+

Top non-repeatable levels by time:
     D:8: 1910 daAuts
    D:13: 1613 daAuts
    D:15: 1501 daAuts
Depths:4: 1473 daAuts
 Snake:4: 1384 daAuts
  Lair:5: 1380 daAuts
 Crypt:3: 1338 daAuts
 Crypt:2: 1306 daAuts
     D:9: 1302 daAuts
Vaults:5: 1293 daAuts
Vaults:3: 1275 daAuts
    D:11: 1263 daAuts
Vaults:2: 1254 daAuts
  Lair:3: 1251 daAuts
  Lair:2: 1231 daAuts
